Workbook

Sheet Índice
D1: Desenvolvido por:
B2: Índice | D2: http://mariaproiete.com
B4: Nome da Folha | C4: Descrição
B5: Dados a Colocar | C5: Colocar toda a informação relativa à Propriedade; Senhorio e Inquilino
B6: Recibo | C6: É para a emissão do Recibo de Renda (já com o original e Duplicado) - só terá que colocar a data e responder se é o primeiro recibo de renda e se existem ou não rendas adiantadas
B7: Conta-Corrente | C7: Para gerir a Conta-Corrente do Inquilino - Tem que colocar na respectiva coluna "Sim" quando emite o recibo, e "Sim" quando recebe o pagamento
B8: Declaração para IRS | C8: Declaração que o proprietário deve entregar ao inquilino, para efeiros de IRS (ou IRC se for empresa) até dia 20 de Janeiro do ano seguinte.
B9: Contabilização | C9: Para contabilizar as receitas de rendas e os gastos com despesas correntes (condomínio/ reparações/impostos) da casa arrendada

Sheet Dados a Colocar
P1: Desenvolvido por:
B2: REFERENTES À PROPRIEDADE | P2: http://mariaproiete.com
B4: Morada:
B6: Localidade:
B8: Código Postal:
B10: PARA EFEITOS DE IRS/ IRC:
B12: Freguesia: | H12: Tipo: | J12: Fracção:
C14: Classificação A ou A+ | H14: Sem classificação A ou A+
B16: Valor da Renda: | H16: Data de inicio do contrato:
B18: Será exigido uma caução? | J18: Qual o valor da caução?
B20: Será exigido 2 rendas antecipadas? | K20: TAXAS DE ACTUALIZAÇÃO:
J21: 2.º ano | K21: 3.º ano | L21: 4.º ano | M21: 5.º ano | N21: 6.º ano
B24: REFERENTES AO SENHORIO
C26: Particular | H26: Empresa | J26: =IF(B26="X","É isento de Retenção de IRS na Categoria F?","")
B28: Nome:
B30: Morada:
B32: Localidade:
B34: Código Postal:
B36: N.º Contribuinte:
B38: =IF(G26="X","Matriculada na Conservatória do Registo Comercial de:","")
B40: =IF(G26="X","Capital Social:","") | M40: =IF(G26="X","Taxa IVA: ","")
B42: CONTACTOS:
B44: Telefone: | H44: Telemóvel:
B46: e-mail:
B48: IBAN:
B50: PT | C50: 50
B52: REFERENTES AO INQUILINO
C54: Particular | H54: Empresa
B56: Nome:
B58: Morada:
B60: Localidade:
B62: Código Postal:
B64: N.º Contribuinte:
B66: =IF(G54="X","Matriculada na Conservatória do Registo Comercial de:","")
B68: =IF(G54="X","Capital Social:","") | I68: =IF(G54="X","Taxa Retenção: ","")
B70: CONTACTOS:
B72: Telefone: | E72: 351918555843 | H72: Telemóvel: | J72: 351967114028
B74: e-mail: | D74: morbeyzita@gmail.com

Sheet Recibo
U1: Desenvolvido por:
B2: É o primeiro recibo emitido, com caução e mais duas rendas? | K2: É o primeiro recibo emitido, sem caução e com duas rendas ? | U2: http://mariaproiete.com
B4: É o primeiro recibo emitido, com caução e mais uma renda ? | K4: É o primeiro recibo emitido, sem caução e com uma renda?
B6: Não é o primeiro recibo emitido, mas têm uma renda Adiantada ? | K6: Não é o primeiro recibo emitido, mas têm duas rendas Adiantadas ?
B8: Data do recibo: | F8: N.º do Recibo: | K8: Factor de actualização da renda acumulado desde o inicio do contrato:
IW9: Meses
C11: =IF('Dados a Colocar'!D28="","",'Dados a Colocar'!D28) | IW11: 1 | IX11: Janeiro
C12: =IF('Dados a Colocar'!D30="","",'Dados a Colocar'!D30) | IW12: 2 | IX12: Fevereiro
C13: =IF('Dados a Colocar'!F34="","",'Dados a Colocar'!F34) | D13: =IF('Dados a Colocar'!E32="","",'Dados a Colocar'!E32) | IW13: 3 | IX13: Março
C14: =IF('Dados a Colocar'!F36="","",'Dados a Colocar'!B36) | E14: =IF('Dados a Colocar'!F36="","",'Dados a Colocar'!F36) | IW14: 4 | IX14: Abril
C15: =IF('Dados a Colocar'!J38="","",'Dados a Colocar'!B38) | G15: =IF('Dados a Colocar'!J38="","",'Dados a Colocar'!J38) | IW15: 5 | IX15: Maio
C16: =IF('Dados a Colocar'!F40="","",'Dados a Colocar'!B40) | D16: =IF('Dados a Colocar'!F40="","",'Dados a Colocar'!F40) | L16: Exmos.(s) Senhor(es) | IW16: 6 | IX16: Junho
L17: =IF('Dados a Colocar'!D56="","",'Dados a Colocar'!D56) | IW17: 7 | IX17: Julho
L18: =IF('Dados a Colocar'!D58="","",'Dados a Colocar'!D58) | IW18: 8 | IX18: Agosto
L19: =IF('Dados a Colocar'!F62="","",'Dados a Colocar'!F62) | M19: =IF('Dados a Colocar'!E60="","",'Dados a Colocar'!E60) | IW19: 9 | IX19: Setembro
IW20: 10 | IX20: Outubro
C21: V/ N.º Contribuinte | E21: Data do Recibo | I21: Documento | L21: Número do Recibo | IW21: 11 | IX21: Novembro
C22: =IF('Dados a Colocar'!F64="","",'Dados a Colocar'!F64) | E22: =IF(D8="","",D8) | I22: Original | L22: =IF(H8="","",H8&"/"&YEAR(D8)) | IW22: 12 | IX22: Dezembro
C24: Descritivo: | P24: =IF(OR(I2="sim",I4="sim"),"Valor da Caução:","") | R24: =IF(OR(I2="sim",I4="sim"),'Dados a Colocar'!M18,"")
C25: Arrendamento da propriedade sita em: | P25: Valor da Renda: | R25: =IF(I2="sim",'Dados a Colocar'!F16*2,IF(I4="sim",'Dados a Colocar'!F16,IF(Q2="sim",'Dados a Colocar'!F16*2,IF(Q4="sim",'Dados a Colocar'!F16,'Dados a Colocar'!F16+ROUND('Dados a Colocar'!F16*Recibo!Q8,2))))) -> 0
C26: =IF('Dados a Colocar'!D4="","",'Dados a Colocar'!D4) | P26: Retenção na Fonte: | Q26: =IF(Q34="X",0,'Dados a Colocar'!J68) -> 0 | R26: =-ROUND(R25*Q26,2) -> 0
C27: =IF(D8="","",IF(I2="Sim","Pela caução e as rendas dos meses de "&IFERROR(VLOOKUP(MONTH('Dados a Colocar'!L16),$IW$11:$IX$22,2,FALSE)&" e de "&VLOOKUP(MONTH('Dados a Colocar'!L16)+1,$IW$11:$IX$22,2,FALSE)&" de "&YEAR('Dados a Colocar'!L16),"Dezembro"&" de "&YEAR('Dados a Colocar'!L16)&" e Janeiro"&" de "&YEAR('Dados a Colocar'!L16)+1),IF(I4="Sim","Pela caução e a renda do mês de "&VLOOKUP(MONTH('Dados a Colocar'!L16),$IW$11:$IX$22,2,FALSE)&" de "&YEAR('Dados a Colocar'!L16),IF(Q2="Sim","Pelas rendas dos meses de "&IFERROR(VLOOKUP(MONTH('Dados a Colocar'!L16),$IW$11:$IX$22,2,FALSE)&" e de "&VLOOKUP(MONTH('Dados a Colocar'!L16)+1,$IW$11:$IX$22,2,FALSE)&" de "&YEAR('Dados a Colocar'!L16),"Dezembro"&" de "&YEAR('Dados a Colocar'!L16)&" e Janeiro"&" de "&YEAR('Dados a Colocar'!L16)+1),IF(Q4="Sim","Pela renda do mês de "&VLOOKUP(MONTH('Dados a Colocar'!L16),$IW$11:$IX$22,2,FALSE)&" de "&YEAR('Dados a Colocar'!L16),IF(I6="Sim","Pela renda do mês de "&IFERROR(VLOOKUP(MONTH(D8)+1,$IW$11:$IX$22,2,FALSE)&" de "&YEAR(D8),"Janeiro"&" de "&YEAR(D8)+1),IF(Q6="Sim","Pela renda do mês de "&IFERROR(VLOOKUP(MONTH(D8)+2,$IW$11:$IX$22,2,FALSE),"Dezembro"&" de "&YEAR(D8)&" e Janeiro"&" de "&YEAR(D8)+1),"Pela renda do mês de "&VLOOKUP(MONTH(D8),$IW$11:$IX$22,2,FALSE)&" de "&YEAR(D8)))))))) | P27: Subtotal: | R27: =SUM(R24:R26) -> 0
P28: IVA: | Q28: =IF(Q38="X",'Dados a Colocar'!N40,0%) -> 0 | R28: =R25*Q28 -> 0
P29: Total a Pagar: | R29: =SUM(R27:R28) -> 0
R31: =IFERROR("Valor por extenso: "&fExtenso(R29,1,"euro","euros ",TRUE),"")
C33: Assinatura do senhorio(a) | J33: Questões fiscais:
P34: =IF(AND('Dados a Colocar'!$B$26="X",'Dados a Colocar'!$N$26="sim"),"Sem retenção de IRS ao abrigo do n.º1 do art. 9º do Dec. Lei 42/91 de 22 de Janeiro","")
P36: =IF($R$29=0,"",IF($Q$38="X","","IVA isento ao abrigo do n.º 30 do artigo 9º do CIVA"))
P38: =IF('Dados a Colocar'!$G$26="X","Tem que liquidar IVA? (por ser uma sociedade gestora de fundos ou solicitação do levantamento de isenção)","")
C40: Contactos: | D40: =IF('Dados a Colocar'!E44="","",'Dados a Colocar'!B44) | E40: =IF('Dados a Colocar'!E44="","",'Dados a Colocar'!E44) | G40: =IF('Dados a Colocar'!J44="","",'Dados a Colocar'!H44) | I40: =IF('Dados a Colocar'!J44="","",'Dados a Colocar'!J44) | M40: =IF('Dados a Colocar'!D46="","",'Dados a Colocar'!B46) | N40: =IF('Dados a Colocar'!D46="","",'Dados a Colocar'!D46)
C42: N/ IBAN: | D42: =IF('Dados a Colocar'!D50="","",'Dados a Colocar'!B50&" "&'Dados a Colocar'!D50&"-"&'Dados a Colocar'!E50&"-"&'Dados a Colocar'!F50&"-"&'Dados a Colocar'!G50)
B45: =IF(B10="","",B10) | C45: =IF(C10="","",C10) | D45: =IF(D10="","",D10) | E45: =IF(E10="","",E10) | F45: =IF(F10="","",F10) | G45: =IF(G10="","",G10) | H45: =IF(H10="","",H10) | I45: =IF(I10="","",I10) | ... S45: =IF(S10="","",S10)
B46: =IF(B11="","",B11) | C46: =IF(C11="","",C11) | I46: =IF(I11="","",I11) | J46: =IF(J11="","",J11) | K46: =IF(K11="","",K11) | L46: =IF(L11="","",L11) | M46: =IF(M11="","",M11) | N46: =IF(N11="","",N11) | O46: =IF(O11="","",O11) | P46: =IF(P11="","",P11) | ... S46: =IF(S11="","",S11) | IW46: 1 | IX46: Janeiro
B47: =IF(B12="","",B12) | C47: =IF(C12="","",C12) | D47: =IF(D12="","",D12) | E47: =IF(E12="","",E12) | F47: =IF(F12="","",F12) | G47: =IF(G12="","",G12) | H47: =IF(H12="","",H12) | I47: =IF(I12="","",I12) | ... S47: =IF(S12="","",S12) | IW47: 2 | IX47: Fevereiro
B48: =IF(B13="","",B13) | C48: =IF(C13="","",C13) | D48: =IF(D13="","",D13) | E48: =IF(E13="","",E13) | F48: =IF(F13="","",F13) | G48: =IF(G13="","",G13) | H48: =IF(H13="","",H13) | I48: =IF(I13="","",I13) | ... S48: =IF(S13="","",S13) | IW48: 3 | IX48: Março
B49: =IF(B14="","",B14) | C49: =IF(C14="","",C14) | E49: =IF(E14="","",E14) | F49: =IF(F14="","",F14) | G49: =IF(G14="","",G14) | H49: =IF(H14="","",H14) | I49: =IF(I14="","",I14) | J49: =IF(J14="","",J14) | K49: =IF(K14="","",K14) | L49: =IF(L14="","",L14) | ... S49: =IF(S14="","",S14) | IW49: 4 | IX49: Abril
B50: =IF(B15="","",B15) | C50: =IF(C15="","",C15) | D50: =IF(D15="","",D15) | E50: =IF(E15="","",E15) | F50: =IF(F15="","",F15) | G50: =IF(G15="","",G15) | H50: =IF(H15="","",H15) | I50: =IF(I15="","",I15) | ... S50: =IF(S15="","",S15) | IW50: 5 | IX50: Maio
B51: =IF(B16="","",B16) | C51: =IF(C16="","",C16) | D51: =IF(D16="","",D16) | E51: =IF(E16="","",E16) | F51: =IF(F16="","",F16) | G51: =IF(G16="","",G16) | H51: =IF(H16="","",H16) | I51: =IF(I16="","",I16) | ... L51: =IF(L16="","",L16) -> Exmos.(s) Senhor(es) | N51: =IF(N16="","",N16) | O51: =IF(O16="","",O16) | P51: =IF(P16="","",P16) | Q51: =IF(Q16="","",Q16) | R51: =IF(R16="","",R16) | S51: =IF(S16="","",S16) | IW51: 6 | IX51: Junho
B52: =IF(B17="","",B17) | C52: =IF(C17="","",C17) | D52: =IF(D17="","",D17) | E52: =IF(E17="","",E17) | F52: =IF(F17="","",F17) | G52: =IF(G17="","",G17) | H52: =IF(H17="","",H17) | I52: =IF(I17="","",I17) | ... L52: =IF(L17="","",L17) | S52: =IF(S17="","",S17) | IW52: 7 | IX52: Julho
B53: =IF(B18="","",B18) | C53: =IF(C18="","",C18) | D53: =IF(D18="","",D18) | E53: =IF(E18="","",E18) | F53: =IF(F18="","",F18) | G53: =IF(G18="","",G18) | H53: =IF(H18="","",H18) | I53: =IF(I18="","",I18) | ... S53: =IF(S18="","",S18) | IW53: 8 | IX53: Agosto
B54: =IF(B19="","",B19) | C54: =IF(C19="","",C19) | D54: =IF(D19="","",D19) | E54: =IF(E19="","",E19) | F54: =IF(F19="","",F19) | G54: =IF(G19="","",G19) | H54: =IF(H19="","",H19) | I54: =IF(I19="","",I19) | ... S54: =IF(S19="","",S19) | IW54: 9 | IX54: Setembro
B55: =IF(B20="","",B20) | C55: =IF(C20="","",C20) | D55: =IF(D20="","",D20) | E55: =IF(E20="","",E20) | F55: =IF(F20="","",F20) | G55: =IF(G20="","",G20) | H55: =IF(H20="","",H20) | I55: =IF(I20="","",I20) | ... S55: =IF(S20="","",S20) | IW55: 10 | IX55: Outubro
B56: =IF(B21="","",B21) | C56: =IF(C21="","",C21) -> V/ N.º Contribuinte | D56: =IF(D21="","",D21) | E56: =IF(E21="","",E21) -> Data do Recibo | I56: =IF(I21="","",I21) -> Documento | J56: =IF(J21="","",J21) | K56: =IF(K21="","",K21) | L56: =IF(L21="","",L21) -> Número do Recibo | M56: =IF(M21="","",M21) | N56: =IF(N21="","",N21) | O56: =IF(O21="","",O21) | P56: =IF(P21="","",P21) | ... S56: =IF(S21="","",S21) | IW56: 11 | IX56: Novembro
B57: =IF(B22="","",B22) | C57: =IF(C22="","",C22) | D57: =IF(D22="","",D22) | E57: =IF(E22="","",E22) | I57: Duplicado | J57: =IF(J22="","",J22) | K57: =IF(K22="","",K22) | L57: =IF(L22="","",L22) | M57: =IF(M22="","",M22) | N57: =IF(N22="","",N22) | O57: =IF(O22="","",O22) | P57: =IF(P22="","",P22) | Q57: =IF(Q22="","",Q22) | ... S57: =IF(S22="","",S22) | IW57: 12 | IX57: Dezembro
B58: =IF(B23="","",B23) | C58: =IF(C23="","",C23) | D58: =IF(D23="","",D23) | E58: =IF(E23="","",E23) | F58: =IF(F23="","",F23) | G58: =IF(G23="","",G23) | H58: =IF(H23="","",H23) | I58: =IF(I23="","",I23) | ... S58: =IF(S23="","",S23)
B59: =IF(B24="","",B24) | C59: =IF(C24="","",C24) -> Descritivo: | D59: =IF(D24="","",D24) | E59: =IF(E24="","",E24) | F59: =IF(F24="","",F24) | G59: =IF(G24="","",G24) | H59: =IF(H24="","",H24) | I59: =IF(I24="","",I24) | ... N59: =IF(N24="","",N24) | O59: =IF(P24="","",P24) | Q59: =IF(Q24="","",Q24) | R59: =IF(R24="","",R24) | S59: =IF(S24="","",S24)
B60: =IF(B25="","",B25) | C60: =IF(C25="","",C25) -> Arrendamento da propriedade sita em: | L60: =IF(L25="","",L25) | M60: =IF(M25="","",M25) | N60: =IF(N25="","",N25) | O60: =IF(P25="","",P25) -> Valor da Renda: | Q60: =IF(Q25="","",Q25) | R60: =IF(R25="","",R25) -> 0 | S60: =IF(S25="","",S25)
B61: =IF(B26="","",B26) | C61: =IF(C26="","",C26) | D61: =IF(D26="","",D26) | E61: =IF(E26="","",E26) | F61: =IF(F26="","",F26) | G61: =IF(G26="","",G26) | H61: =IF(H26="","",H26) | I61: =IF(I26="","",I26) | ... N61: =IF(N26="","",N26) | O61: =IF(P26="","",P26) -> Retenção na Fonte: | Q61: =IF(Q26="","",Q26) -> 0 | R61: =IF(R26="","",R26) -> 0 | S61: =IF(S26="","",S26)
B62: =IF(B27="","",B27) | C62: =IF(C27="","",C27) | L62: =IF(L27="","",L27) | M62: =IF(M27="","",M27) | N62: =IF(N27="","",N27) | O62: =IF(O27="","",O27) | P62: =IF(P27="","",P27) -> Subtotal: | Q62: =IF(Q27="","",Q27) | R62: =IF(R27="","",R27) -> 0 | S62: =IF(S27="","",S27)
B63: =IF(B28="","",B28) | C63: =IF(C28="","",C28) | D63: =IF(D28="","",D28) | E63: =IF(E28="","",E28) | F63: =IF(F28="","",F28) | G63: =IF(G28="","",G28) | H63: =IF(H28="","",H28) | I63: =IF(I28="","",I28) | ... S63: =IF(S28="","",S28)
B64: =IF(B29="","",B29) | C64: =IF(C29="","",C29) | D64: =IF(D29="","",D29) | E64: =IF(E29="","",E29) | F64: =IF(F29="","",F29) | G64: =IF(G29="","",G29) | H64: =IF(H29="","",H29) | I64: =IF(I29="","",I29) | ... N64: =IF(N29="","",N29) | O64: =IF(P29="","",P29) -> Total a Pagar: | Q64: =IF(Q29="","",Q29) | R64: =IF(R29="","",R29) -> 0 | S64: =IF(S29="","",S29)
B65: =IF(B30="","",B30) | C65: =IF(C30="","",C30) | D65: =IF(D30="","",D30) | E65: =IF(E30="","",E30) | F65: =IF(F30="","",F30) | G65: =IF(G30="","",G30) | H65: =IF(H30="","",H30) | I65: =IF(I30="","",I30) | ... S65: =IF(S30="","",S30)
I66: =IF(R31="","",R31)
B68: =IF(B33="","",B33) | C68: =IF(C33="","",C33) -> Assinatura do senhorio(a) | D68: =IF(D33="","",D33) | E68: =IF(E33="","",E33) | F68: =IF(F33="","",F33) | G68: =IF(G33="","",G33) | H68: =IF(H33="","",H33) | I68: =IF(I33="","",I33) | J68: =IF(J33="","",J33) -> Questões fiscais: | L68: =IF(L33="","",L33) | M68: =IF(M33="","",M33) | N68: =IF(N33="","",N33) | O68: =IF(O33="","",O33) | P68: =IF(P33="","",P33) | Q68: =IF(Q33="","",Q33) | R68: =IF(R33="","",R33) | S68: =IF(S33="","",S33)
P69: =IF(AND('Dados a Colocar'!$B$26="X",'Dados a Colocar'!$N$26="sim"),"Sem retenção de IRS ao abrigo do n.º1 do art. 9º do Dec. Lei 42/91 de 22 de Janeiro","") | Q69: =IF(Q34=0,"",Q34)
P71: =IF($R$29=0,"",IF($Q$38="X","","IVA isento ao abrigo do n.º 30 do artigo 9º do CIVA")) | Q71: =IF(Q36=0,"",Q36)
P73: =IF('Dados a Colocar'!$G$26="X","Tem que liquidar IVA? (por ser uma sociedade gestora de fundos ou solicitação do levantamento de isenção)","") | Q73: =IF(Q38=0,"",Q38)
B75: =IF(B39="","",B39) | C75: =IF(C39="","",C39) | D75: =IF(D39="","",D39) | E75: =IF(E39="","",E39) | F75: =IF(F39="","",F39) | G75: =IF(G39="","",G39) | H75: =IF(H39="","",H39) | I75: =IF(I39="","",I39) | ... S75: =IF(S39="","",S39)
B76: =IF(B40="","",B40) | C76: =IF(C40="","",C40) -> Contactos: | D76: =IF(D40="","",D40) | E76: =IF(E40="","",E40) | F76: =IF(F40="","",F40) | G76: =IF(G40="","",G40) | H76: =IF(H40="","",H40) | I76: =IF(I40="","",I40) | ... S76: =IF(S40="","",S40)
B77: =IF(B41="","",B41) | C77: =IF(C41="","",C41) | D77: =IF(D41="","",D41) | E77: =IF(E41="","",E41) | F77: =IF(F41="","",F41) | G77: =IF(G41="","",G41) | H77: =IF(H41="","",H41) | I77: =IF(I41="","",I41) | ... S77: =IF(S41="","",S41)
B78: =IF(B42="","",B42) | C78: =IF(C42="","",C42) -> N/ IBAN: | D78: =IF(D42="","",D42) | M78: =IF(M42="","",M42) | N78: =IF(N42="","",N42) | O78: =IF(O42="","",O42) | P78: =IF(P42="","",P42) | Q78: =IF(Q42="","",Q42) | R78: =IF(R42="","",R42) | S78: =IF(S42="","",S42)
B79: =IF(B43="","",B43) | C79: =IF(C43="","",C43) | D79: =IF(D43="","",D43) | E79: =IF(E43="","",E43) | F79: =IF(F43="","",F43) | G79: =IF(G43="","",G43) | H79: =IF(H43="","",H43) | I79: =IF(I43="","",I43) | ... S79: =IF(S43="","",S43)

Sheet Conta-Corrente
K1: Desenvolvido por:
B2: ="Conta-Corrente do Inquilino "&'Dados a Colocar'!D56 -> Conta-Corrente do Inquilino | K2: http://mariaproiete.com
B4: Ano: | C4: 2010 | E4: Contacto: | F4: =IF('Dados a Colocar'!E72="","",'Dados a Colocar'!E72) -> 351918555843 | H4: =IF('Dados a Colocar'!J72="","",'Dados a Colocar'!J72) -> 351967114028
B6: ="Valor total de recibos de rendas emitidos no ano de "&C4&":" -> Valor total de recibos de rendas emitidos no ano de 2010: | F6: =SUMIFS($F$11:$F$83,$A$11:$A$83,$C$4,$J$11:$J$83,"Sim")-IF(AND(A11=C4,G11="sim"),F11,0) -> 0 | H6: Com Caução | I6: =SUMIFS($F$11:$F$83,$A$11:$A$83,$C$4,$J$11:$J$83,"Sim") -> 0
B8: ="Valor total de rendas pagas pelo inquilino no ano de "&C4&":" -> Valor total de rendas pagas pelo inquilino no ano de 2010: | F8: =SUMIFS($F$11:$F$83,$L$11:$L$83,$C$4,$K$11:$K$83,"Sim")-IF(AND(A11=C4,I11="sim"),F11,0) -> 0 | H8: Com Caução | I8: =SUMIFS($F$11:$F$83,$L$11:$L$83,$C$4,$K$11:$K$83,"Sim") -> 0
B10: N.º do Recibo | C10: Data Prevista | D10: Descrição | E10: Período | F10: Valor | G10: Recibo emitido? | H10: Data efectiva | I10: Pago pelo Inquilino?
A11: =YEAR(C11) -> 1900 | B11: ="001/"&YEAR(C11) -> 001/1900 | C11: ='Dados a Colocar'!L16 -> 0 | D11: Caução | F11: =IF('Dados a Colocar'!G18="Sim",'Dados a Colocar'!M18,0) -> 0 | J11: =G11 -> 0 | K11: =I11 -> 0 | L11: =YEAR(H11) -> 1900
A12: =YEAR(C11) -> 1900 | D12: =IF('Dados a Colocar'!$G$20="sim",'Conta-Corrente'!XFB12,"") | E12: =IF('Dados a Colocar'!$G$20="sim",'Conta-Corrente'!XFC12,"") | F12: =IF('Dados a Colocar'!$G$20="sim",'Conta-Corrente'!XFD12,"") | J12: =G11 -> 0 | K12: =I11 -> 0 | L12: =YEAR(H11) -> 1900 | XFB12: 1.º mês de renda | XFC12: =VLOOKUP(MONTH(C11),Recibo!$IW$11:$IX$22,2,FALSE)&" de "&$C$4 -> Janeiro de 2010 | XFD12: ='Dados a Colocar'!$F$16 -> 0
A13: =YEAR(C11) -> 1900 | D13: =IF('Dados a Colocar'!$G$20="sim",'Conta-Corrente'!XFB13,'Conta-Corrente'!XFB12) -> 1.º mês de renda | E13: =IF('Dados a Colocar'!$G$20="sim",'Conta-Corrente'!XFC13,'Conta-Corrente'!XFC12) -> Janeiro de 2010 | F13: =IF('Dados a Colocar'!$G$20="sim",'Conta-Corrente'!XFD13,'Conta-Corrente'!XFD12) -> 0 | J13: =G11 -> 0 | K13: =I11 -> 0 | L13: =YEAR(H11) -> 1900 | XFB13: 2.º mês de renda | XFC13: =IFERROR(VLOOKUP(MONTH(C11)+1,Recibo!$IW$11:$IX$22,2,FALSE)&" de "&$C$4,VLOOKUP(MONTH(C11)-11,Recibo!$IW$11:$IX$22,2,FALSE)&" de "&($C$4+1)) -> Fevereiro de 2010 | XFD13: ='Dados a Colocar'!$F$16 -> 0
A14: =YEAR(C14) -> 1900 | B14: ="002/"&YEAR(C14) -> 002/1900 | C14: =EDATE(C11,1) -> 31 | D14: =IF('Dados a Colocar'!$G$20="sim",'Conta-Corrente'!XFB14,'Conta-Corrente'!XFB13) -> 2.º mês de renda | E14: =IF('Dados a Colocar'!$G$20="sim",'Conta-Corrente'!XFC14,'Conta-Corrente'!XFC13) -> Fevereiro de 2010 | F14: =IF('Dados a Colocar'!$G$20="sim",'Conta-Corrente'!XFD14,'Conta-Corrente'!XFD13) -> 0 | J14: =G14 -> 0 | K14: =I14 -> 0 | L14: =YEAR(H14) -> 1900 | XFB14: 3.º mês de renda | XFC14: =IFERROR(VLOOKUP(MONTH(C14)+1,Recibo!$IW$11:$IX$22,2,FALSE)&" de "&YEAR(C14),VLOOKUP(MONTH(C14)-11,Recibo!$IW$11:$IX$22,2,FALSE)&" de "&(YEAR(C14)+1)) -> Fevereiro de 1900 | XFD14: ='Dados a Colocar'!$F$16 -> 0
A15: =YEAR(C15) -> 1900 | B15: ="003/"&YEAR(C15) -> 003/1900 | C15: =EDATE(C14,1) -> 59 | D15: =IF('Dados a Colocar'!$G$20="sim",'Conta-Corrente'!XFB15,'Conta-Corrente'!XFB14) -> 3.º mês de renda | E15: =IF('Dados a Colocar'!$G$20="sim",'Conta-Corrente'!XFC15,'Conta-Corrente'!XFC14) -> Fevereiro de 1900 | F15: =IF('Dados a Colocar'!$G$20="sim",'Conta-Corrente'!XFD15,'Conta-Corrente'!XFD14) -> 0 | J15: =G15 -> 0 | K15: =I15 -> 0 | L15: =YEAR(H15) -> 1900 | XFB15: 4.º mês de renda | XFC15: =IFERROR(VLOOKUP(MONTH(C15)+1,Recibo!$IW$11:$IX$22,2,FALSE)&" de "&YEAR(C15),VLOOKUP(MONTH(C15)-11,Recibo!$IW$11:$IX$22,2,FALSE)&" de "&(YEAR(C15)+1)) -> Março de 1900 | XFD15: ='Dados a Colocar'!$F$16 -> 0
A16: =YEAR(C16) -> 1900 | B16: ="004/"&YEAR(C16) -> 004/1900 | C16: =EDATE(C15,1) -> 88 | D16: =IF('Dados a Colocar'!$G$20="sim",'Conta-Corrente'!XFB16,'Conta-Corrente'!XFB15) -> 4.º mês de renda | E16: =IF('Dados a Colocar'!$G$20="sim",'Conta-Corrente'!XFC16,'Conta-Corrente'!XFC15) -> Março de 1900 | F16: =IF('Dados a Colocar'!$G$20="sim",'Conta-Corrente'!XFD16,'Conta-Corrente'!XFD15) -> 0 | J16: =G16 -> 0 | K16: =I16 -> 0 | L16: =YEAR(H16) -> 1900 | XFB16: 5.º mês de renda | XFC16: =IFERROR(VLOOKUP(MONTH(C16)+1,Recibo!$IW$11:$IX$22,2,FALSE)&" de "&YEAR(C16),VLOOKUP(MONTH(C16)-11,Recibo!$IW$11:$IX$22,2,FALSE)&" de "&(YEAR(C16)+1)) -> Abril de 1900 | XFD16: ='Dados a Colocar'!$F$16 -> 0
A17: =YEAR(C17) -> 1900 | B17: ="005/"&YEAR(C17) -> 005/1900 | C17: =EDATE(C16,1) -> 119 | D17: =IF('Dados a Colocar'!$G$20="sim",'Conta-Corrente'!XFB17,'Conta-Corrente'!XFB16) -> 5.º mês de renda | E17: =IF('Dados a Colocar'!$G$20="sim",'Conta-Corrente'!XFC17,'Conta-Corrente'!XFC16) -> Abril de 1900 | F17: =IF('Dados a Colocar'!$G$20="sim",'Conta-Corrente'!XFD17,'Conta-Corrente'!XFD16) -> 0 | J17: =G17 -> 0 | K17: =I17 -> 0 | L17: =YEAR(H17) -> 1900 | XFB17: 6.º mês de renda | XFC17: =IFERROR(VLOOKUP(MONTH(C17)+1,Recibo!$IW$11:$IX$22,2,FALSE)&" de "&YEAR(C17),VLOOKUP(MONTH(C17)-11,Recibo!$IW$11:$IX$22,2,FALSE)&" de "&(YEAR(C17)+1)) -> Maio de 1900 | XFD17: ='Dados a Colocar'!$F$16 -> 0
A18: =YEAR(C18) -> 1900 | B18: ="006/"&YEAR(C18) -> 006/1900 | C18: =EDATE(C17,1) -> 149 | D18: =IF('Dados a Colocar'!$G$20="sim",'Conta-Corrente'!XFB18,'Conta-Corrente'!XFB17) -> 6.º mês de renda | E18: =IF('Dados a Colocar'!$G$20="sim",'Conta-Corrente'!XFC18,'Conta-Corrente'!XFC17) -> Maio de 1900 | F18: =IF('Dados a Colocar'!$G$20="sim",'Conta-Corrente'!XFD18,'Conta-Corrente'!XFD17) -> 0 | J18: =G18 -> 0 | K18: =I18 -> 0 | L18: =YEAR(H18) -> 1900 | XFB18: 7.º mês de renda | XFC18: =IFERROR(VLOOKUP(MONTH(C18)+1,Recibo!$IW$11:$IX$22,2,FALSE)&" de "&YEAR(C18),VLOOKUP(MONTH(C18)-11,Recibo!$IW$11:$IX$22,2,FALSE)&" de "&(YEAR(C18)+1)) -> Junho de 1900 | XFD18: ='Dados a Colocar'!$F$16 -> 0
A19: =YEAR(C19) -> 1900 | B19: ="007/"&YEAR(C19) -> 007/1900 | C19: =EDATE(C18,1) -> 180 | D19: =IF('Dados a Colocar'!$G$20="sim",'Conta-Corrente'!XFB19,'Conta-Corrente'!XFB18) -> 7.º mês de renda | E19: =IF('Dados a Colocar'!$G$20="sim",'Conta-Corrente'!XFC19,'Conta-Corrente'!XFC18) -> Junho de 1900 | F19: =IF('Dados a Colocar'!$G$20="sim",'Conta-Corrente'!XFD19,'Conta-Corrente'!XFD18) -> 0 | J19: =G19 -> 0 | K19: =I19 -> 0 | L19: =YEAR(H19) -> 1900 | XFB19: 8.º mês de renda | XFC19: =IFERROR(VLOOKUP(MONTH(C19)+1,Recibo!$IW$11:$IX$22,2,FALSE)&" de "&YEAR(C19),VLOOKUP(MONTH(C19)-11,Recibo!$IW$11:$IX$22,2,FALSE)&" de "&(YEAR(C19)+1)) -> Julho de 1900 | XFD19: ='Dados a Colocar'!$F$16 -> 0
A20: =YEAR(C20) -> 1900 | B20: ="008/"&YEAR(C20) -> 008/1900 | C20: =EDATE(C19,1) -> 210 | D20: =IF('Dados a Colocar'!$G$20="sim",'Conta-Corrente'!XFB20,'Conta-Corrente'!XFB19) -> 8.º mês de renda | E20: =IF('Dados a Colocar'!$G$20="sim",'Conta-Corrente'!XFC20,'Conta-Corrente'!XFC19) -> Julho de 1900 | F20: =IF('Dados a Colocar'!$G$20="sim",'Conta-Corrente'!XFD20,'Conta-Corrente'!XFD19) -> 0 | J20: =G20 -> 0 | K20: =I20 -> 0 | L20: =YEAR(H20) -> 1900 | XFB20: 9.º mês de renda | XFC20: =IFERROR(VLOOKUP(MONTH(C20)+1,Recibo!$IW$11:$IX$22,2,FALSE)&" de "&YEAR(C20),VLOOKUP(MONTH(C20)-11,Recibo!$IW$11:$IX$22,2,FALSE)&" de "&(YEAR(C20)+1)) -> Agosto de 1900 | XFD20: ='Dados a Colocar'!$F$16 -> 0
A21: =YEAR(C21) -> 1900 | B21: ="009/"&YEAR(C21) -> 009/1900 | C21: =EDATE(C20,1) -> 241 | D21: =IF('Dados a Colocar'!$G$20="sim",'Conta-Corrente'!XFB21,'Conta-Corrente'!XFB20) -> 9.º mês de renda | E21: =IF('Dados a Colocar'!$G$20="sim",'Conta-Corrente'!XFC21,'Conta-Corrente'!XFC20) -> Agosto de 1900 | F21: =IF('Dados a Colocar'!$G$20="sim",'Conta-Corrente'!XFD21,'Conta-Corrente'!XFD20) -> 0 | J21: =G21 -> 0 | K21: =I21 -> 0 | L21: =YEAR(H21) -> 1900 | XFB21: 10.º mês de renda | XFC21: =IFERROR(VLOOKUP(MONTH(C21)+1,Recibo!$IW$11:$IX$22,2,FALSE)&" de "&YEAR(C21),VLOOKUP(MONTH(C21)-11,Recibo!$IW$11:$IX$22,2,FALSE)&" de "&(YEAR(C21)+1)) -> Setembro de 1900 | XFD21: ='Dados a Colocar'!$F$16 -> 0
A22: =YEAR(C22) -> 1900 | B22: ="010/"&YEAR(C22) -> 010/1900 | C22: =EDATE(C21,1) -> 272 | D22: =IF('Dados a Colocar'!$G$20="sim",'Conta-Corrente'!XFB22,'Conta-Corrente'!XFB21) -> 10.º mês de renda | E22: =IF('Dados a Colocar'!$G$20="sim",'Conta-Corrente'!XFC22,'Conta-Corrente'!XFC21) -> Setembro de 1900 | F22: =IF('Dados a Colocar'!$G$20="sim",'Conta-Corrente'!XFD22,'Conta-Corrente'!XFD21) -> 0 | J22: =G22 -> 0 | K22: =I22 -> 0 | L22: =YEAR(H22) -> 1900 | XFB22: 11.º mês de renda | XFC22: =IFERROR(VLOOKUP(MONTH(C22)+1,Recibo!$IW$11:$IX$22,2,FALSE)&" de "&YEAR(C22),VLOOKUP(MONTH(C22)-11,Recibo!$IW$11:$IX$22,2,FALSE)&" de "&(YEAR(C22)+1)) -> Outubro de 1900 | XFD22: ='Dados a Colocar'!$F$16 -> 0
A23: =YEAR(C23) -> 1900 | B23: ="011/"&YEAR(C23) -> 011/1900 | C23: =EDATE(C22,1) -> 302 | D23: =IF('Dados a Colocar'!$G$20="sim",'Conta-Corrente'!XFB23,'Conta-Corrente'!XFB22) -> 11.º mês de renda | E23: =IF('Dados a Colocar'!$G$20="sim",'Conta-Corrente'!XFC23,'Conta-Corrente'!XFC22) -> Outubro de 1900 | F23: =IF('Dados a Colocar'!$G$20="sim",'Conta-Corrente'!XFD23,'Conta-Corrente'!XFD22) -> 0 | J23: =G23 -> 0 | K23: =I23 -> 0 | L23: =YEAR(H23) -> 1900 | XFB23: 12.º mês de renda | XFC23: =IFERROR(VLOOKUP(MONTH(C23)+1,Recibo!$IW$11:$IX$22,2,FALSE)&" de "&YEAR(C23),VLOOKUP(MONTH(C23)-11,Recibo!$IW$11:$IX$22,2,FALSE)&" de "&(YEAR(C23)+1)) -> Novembro de 1900 | XFD23: ='Dados a Colocar'!$F$16 -> 0
A24: =YEAR(C24) -> 1900 | B24: ="012/"&YEAR(C24) -> 012/1900 | C24: =EDATE(C23,1) -> 333 | D24: =IF('Dados a Colocar'!$G$20="sim",'Conta-Corrente'!XFB24,'Conta-Corrente'!XFB23) -> 12.º mês de renda | E24: =IF('Dados a Colocar'!$G$20="sim",'Conta-Corrente'!XFC24,'Conta-Corrente'!XFC23) -> Novembro de 1900 | F24: =IF('Dados a Colocar'!$G$20="sim",'Conta-Corrente'!XFD24,'Conta-Corrente'!XFD23) -> 0 | J24: =G24 -> 0 | K24: =I24 -> 0 | L24: =YEAR(H24) -> 1900 | XFB24: 13.º mês de renda | XFC24: =IFERROR(VLOOKUP(MONTH(C24)+1,Recibo!$IW$11:$IX$22,2,FALSE)&" de "&YEAR(C24),VLOOKUP(MONTH(C24)-11,Recibo!$IW$11:$IX$22,2,FALSE)&" de "&(YEAR(C24)+1)) -> Dezembro de 1900 | XFD24: =ROUND('Dados a Colocar'!$F$16+'Dados a Colocar'!$F$16*'Dados a Colocar'!$J$22,2) -> 0
A25: =YEAR(C25) -> 1900 | B25: ="013/"&YEAR(C25) -> 013/1900 | C25: =EDATE(C24,1) -> 363 | D25: =IF('Dados a Colocar'!$G$20="sim",'Conta-Corrente'!XFB25,'Conta-Corrente'!XFB24) -> 13.º mês de renda | E25: =IF('Dados a Colocar'!$G$20="sim",'Conta-Corrente'!XFC25,'Conta-Corrente'!XFC24) -> Dezembro de 1900 | F25: =IF('Dados a Colocar'!$G$20="sim",'Conta-Corrente'!XFD25,'Conta-Corrente'!XFD24) -> 0 | J25: =G25 -> 0 | K25: =I25 -> 0 | L25: =YEAR(H25) -> 1900 | XFB25: 14.º mês de renda | XFC25: =IFERROR(VLOOKUP(MONTH(C25)+1,Recibo!$IW$11:$IX$22,2,FALSE)&" de "&YEAR(C25),VLOOKUP(MONTH(C25)-11,Recibo!$IW$11:$IX$22,2,FALSE)&" de "&(YEAR(C25)+1)) -> Janeiro de 1901 | XFD25: =ROUND('Dados a Colocar'!$F$16+'Dados a Colocar'!$F$16*'Dados a Colocar'!$J$22,2) -> 0
A26: =YEAR(C26) -> 1901 | B26: ="014/"&YEAR(C26) -> 014/1901 | C26: =EDATE(C25,1) -> 394 | D26: =IF('Dados a Colocar'!$G$20="sim",'Conta-Corrente'!XFB26,'Conta-Corrente'!XFB25) -> 14.º mês de renda | E26: =IF('Dados a Colocar'!$G$20="sim",'Conta-Corrente'!XFC26,'Conta-Corrente'!XFC25) -> Janeiro de 1901 | F26: =IF('Dados a Colocar'!$G$20="sim",'Conta-Corrente'!XFD26,'Conta-Corrente'!XFD25) -> 0 | J26: =G26 -> 0 | K26: =I26 -> 0 | L26: =YEAR(H26) -> 1900 | XFB26: 15.º mês de renda | XFC26: =IFERROR(VLOOKUP(MONTH(C26)+1,Recibo!$IW$11:$IX$22,2,FALSE)&" de "&YEAR(C26),VLOOKUP(MONTH(C26)-11,Recibo!$IW$11:$IX$22,2,FALSE)&" de "&(YEAR(C26)+1)) -> Fevereiro de 1901 | XFD26: =ROUND('Dados a Colocar'!$F$16+'Dados a Colocar'!$F$16*'Dados a Colocar'!$J$22,2) -> 0
A27: =YEAR(C27) -> 1901 | B27: ="015/"&YEAR(C27) -> 015/1901 | C27: =EDATE(C26,1) -> 425 | D27: =IF('Dados a Colocar'!$G$20="sim",'Conta-Corrente'!XFB27,'Conta-Corrente'!XFB26) -> 15.º mês de renda | E27: =IF('Dados a Colocar'!$G$20="sim",'Conta-Corrente'!XFC27,'Conta-Corrente'!XFC26) -> Fevereiro de 1901 | F27: =IF('Dados a Colocar'!$G$20="sim",'Conta-Corrente'!XFD27,'Conta-Corrente'!XFD26) -> 0 | J27: =G27 -> 0 | K27: =I27 -> 0 | L27: =YEAR(H27) -> 1900 | XFB27: 16.º mês de renda | XFC27: =IFERROR(VLOOKUP(MONTH(C27)+1,Recibo!$IW$11:$IX$22,2,FALSE)&" de "&YEAR(C27),VLOOKUP(MONTH(C27)-11,Recibo!$IW$11:$IX$22,2,FALSE)&" de "&(YEAR(C27)+1)) -> Março de 1901 | XFD27: =ROUND('Dados a Colocar'!$F$16+'Dados a Colocar'!$F$16*'Dados a Colocar'!$J$22,2) -> 0
A28: =YEAR(C28) -> 1901 | B28: ="016/"&YEAR(C28) -> 016/1901 | C28: =EDATE(C27,1) -> 453 | D28: =IF('Dados a Colocar'!$G$20="sim",'Conta-Corrente'!XFB28,'Conta-Corrente'!XFB27) -> 16.º mês de renda | E28: =IF('Dados a Colocar'!$G$20="sim",'Conta-Corrente'!XFC28,'Conta-Corrente'!XFC27) -> Março de 1901 | F28: =IF('Dados a Colocar'!$G$20="sim",'Conta-Corrente'!XFD28,'Conta-Corrente'!XFD27) -> 0 | J28: =G28 -> 0 | K28: =I28 -> 0 | L28: =YEAR(H28) -> 1900 | XFB28: 17.º mês de renda | XFC28: =IFERROR(VLOOKUP(MONTH(C28)+1,Recibo!$IW$11:$IX$22,2,FALSE)&" de "&YEAR(C28),VLOOKUP(MONTH(C28)-11,Recibo!$IW$11:$IX$22,2,FALSE)&" de "&(YEAR(C28)+1)) -> Abril de 1901 | XFD28: =ROUND('Dados a Colocar'!$F$16+'Dados a Colocar'!$F$16*'Dados a Colocar'!$J$22,2) -> 0
A29: =YEAR(C29) -> 1901 | B29: ="017/"&YEAR(C29) -> 017/1901 | C29: =EDATE(C28,1) -> 484 | D29: =IF('Dados a Colocar'!$G$20="sim",'Conta-Corrente'!XFB29,'Conta-Corrente'!XFB28) -> 17.º mês de renda | E29: =IF('Dados a Colocar'!$G$20="sim",'Conta-Corrente'!XFC29,'Conta-Corrente'!XFC28) -> Abril de 1901 | F29: =IF('Dados a Colocar'!$G$20="sim",'Conta-Corrente'!XFD29,'Conta-Corrente'!XFD28) -> 0 | J29: =G29 -> 0 | K29: =I29 -> 0 | L29: =YEAR(H29) -> 1900 | XFB29: 18.º mês de renda | XFC29: =IFERROR(VLOOKUP(MONTH(C29)+1,Recibo!$IW$11:$IX$22,2,FALSE)&" de "&YEAR(C29),VLOOKUP(MONTH(C29)-11,Recibo!$IW$11:$IX$22,2,FALSE)&" de "&(YEAR(C29)+1)) -> Maio de 1901 | XFD29: =ROUND('Dados a Colocar'!$F$16+'Dados a Colocar'!$F$16*'Dados a Colocar'!$J$22,2) -> 0
A30: =YEAR(C30) -> 1901 | B30: ="018/"&YEAR(C30) -> 018/1901 | C30: =EDATE(C29,1) -> 514 | D30: =IF('Dados a Colocar'!$G$20="sim",'Conta-Corrente'!XFB30,'Conta-Corrente'!XFB29) -> 18.º mês de renda | E30: =IF('Dados a Colocar'!$G$20="sim",'Conta-Corrente'!XFC30,'Conta-Corrente'!XFC29) -> Maio de 1901 | F30: =IF('Dados a Colocar'!$G$20="sim",'Conta-Corrente'!XFD30,'Conta-Corrente'!XFD29) -> 0 | J30: =G30 -> 0 | K30: =I30 -> 0 | L30: =YEAR(H30) -> 1900 | XFB30: 19.º mês de renda | XFC30: =IFERROR(VLOOKUP(MONTH(C30)+1,Recibo!$IW$11:$IX$22,2,FALSE)&" de "&YEAR(C30),VLOOKUP(MONTH(C30)-11,Recibo!$IW$11:$IX$22,2,FALSE)&" de "&(YEAR(C30)+1)) -> Junho de 1901 | XFD30: =ROUND('Dados a Colocar'!$F$16+'Dados a Colocar'!$F$16*'Dados a Colocar'!$J$22,2) -> 0
A31: =YEAR(C31) -> 1901 | B31: ="019/"&YEAR(C31) -> 019/1901 | C31: =EDATE(C30,1) -> 545 | D31: =IF('Dados a Colocar'!$G$20="sim",'Conta-Corrente'!XFB31,'Conta-Corrente'!XFB30) -> 19.º mês de renda | E31: =IF('Dados a Colocar'!$G$20="sim",'Conta-Corrente'!XFC31,'Conta-Corrente'!XFC30) -> Junho de 1901 | F31: =IF('Dados a Colocar'!$G$20="sim",'Conta-Corrente'!XFD31,'Conta-Corrente'!XFD30) -> 0 | J31: =G31 -> 0 | K31: =I31 -> 0 | L31: =YEAR(H31) -> 1900 | XFB31: 20.º mês de renda | XFC31: =IFERROR(VLOOKUP(MONTH(C31)+1,Recibo!$IW$11:$IX$22,2,FALSE)&" de "&YEAR(C31),VLOOKUP(MONTH(C31)-11,Recibo!$IW$11:$IX$22,2,FALSE)&" de "&(YEAR(C31)+1)) -> Julho de 1901 | XFD31: =ROUND('Dados a Colocar'!$F$16+'Dados a Colocar'!$F$16*'Dados a Colocar'!$J$22,2) -> 0
A32: =YEAR(C32) -> 1901 | B32: ="020/"&YEAR(C32) -> 020/1901 | C32: =EDATE(C31,1) -> 575 | D32: =IF('Dados a Colocar'!$G$20="sim",'Conta-Corrente'!XFB32,'Conta-Corrente'!XFB31) -> 20.º mês de renda | E32: =IF('Dados a Colocar'!$G$20="sim",'Conta-Corrente'!XFC32,'Conta-Corrente'!XFC31) -> Julho de 1901 | F32: =IF('Dados a Colocar'!$G$20="sim",'Conta-Corrente'!XFD32,'Conta-Corrente'!XFD31) -> 0 | J32: =G32 -> 0 | K32: =I32 -> 0 | L32: =YEAR(H32) -> 1900 | XFB32: 21.º mês de renda | XFC32: =IFERROR(VLOOKUP(MONTH(C32)+1,Recibo!$IW$11:$IX$22,2,FALSE)&" de "&YEAR(C32),VLOOKUP(MONTH(C32)-11,Recibo!$IW$11:$IX$22,2,FALSE)&" de "&(YEAR(C32)+1)) -> Agosto de 1901 | XFD32: =ROUND('Dados a Colocar'!$F$16+'Dados a Colocar'!$F$16*'Dados a Colocar'!$J$22,2) -> 0
A33: =YEAR(C33) -> 1901 | B33: ="021/"&YEAR(C33) -> 021/1901 | C33: =EDATE(C32,1) -> 606 | D33: =IF('Dados a Colocar'!$G$20="sim",'Conta-Corrente'!XFB33,'Conta-Corrente'!XFB32) -> 21.º mês de renda | E33: =IF('Dados a Colocar'!$G$20="sim",'Conta-Corrente'!XFC33,'Conta-Corrente'!XFC32) -> Agosto de 1901 | F33: =IF('Dados a Colocar'!$G$20="sim",'Conta-Corrente'!XFD33,'Conta-Corrente'!XFD32) -> 0 | J33: =G33 -> 0 | K33: =I33 -> 0 | L33: =YEAR(H33) -> 1900 | XFB33: 22.º mês de renda | XFC33: =IFERROR(VLOOKUP(MONTH(C33)+1,Recibo!$IW$11:$IX$22,2,FALSE)&" de "&YEAR(C33),VLOOKUP(MONTH(C33)-11,Recibo!$IW$11:$IX$22,2,FALSE)&" de "&(YEAR(C33)+1)) -> Setembro de 1901 | XFD33: =ROUND('Dados a Colocar'!$F$16+'Dados a Colocar'!$F$16*'Dados a Colocar'!$J$22,2) -> 0
A34: =YEAR(C34) -> 1901 | B34: ="022/"&YEAR(C34) -> 022/1901 | C34: =EDATE(C33,1) -> 637 | D34: =IF('Dados a Colocar'!$G$20="sim",'Conta-Corrente'!XFB34,'Conta-Corrente'!XFB33) -> 22.º mês de renda | E34: =IF('Dados a Colocar'!$G$20="sim",'Conta-Corrente'!XFC34,'Conta-Corrente'!XFC33) -> Setembro de 1901 | F34: =IF('Dados a Colocar'!$G$20="sim",'Conta-Corrente'!XFD34,'Conta-Corrente'!XFD33) -> 0 | J34: =G34 -> 0 | K34: =I34 -> 0 | L34: =YEAR(H34) -> 1900 | XFB34: 23.º mês de renda | XFC34: =IFERROR(VLOOKUP(MONTH(C34)+1,Recibo!$IW$11:$IX$22,2,FALSE)&" de "&YEAR(C34),VLOOKUP(MONTH(C34)-11,Recibo!$IW$11:$IX$22,2,FALSE)&" de "&(YEAR(C34)+1)) -> Outubro de 1901 | XFD34: =ROUND('Dados a Colocar'!$F$16+'Dados a Colocar'!$F$16*'Dados a Colocar'!$J$22,2) -> 0
A35: =YEAR(C35) -> 1901 | B35: ="023/"&YEAR(C35) -> 023/1901 | C35: =EDATE(C34,1) -> 667 | D35: =IF('Dados a Colocar'!$G$20="sim",'Conta-Corrente'!XFB35,'Conta-Corrente'!XFB34) -> 23.º mês de renda | E35: =IF('Dados a Colocar'!$G$20="sim",'Conta-Corrente'!XFC35,'Conta-Corrente'!XFC34) -> Outubro de 1901 | F35: =IF('Dados a Colocar'!$G$20="sim",'Conta-Corrente'!XFD35,'Conta-Corrente'!XFD34) -> 0 | J35: =G35 -> 0 | K35: =I35 -> 0 | L35: =YEAR(H35) -> 1900 | XFB35: 24.º mês de renda | XFC35: =IFERROR(VLOOKUP(MONTH(C35)+1,Recibo!$IW$11:$IX$22,2,FALSE)&" de "&YEAR(C35),VLOOKUP(MONTH(C35)-11,Recibo!$IW$11:$IX$22,2,FALSE)&" de "&(YEAR(C35)+1)) -> Novembro de 1901 | XFD35: =ROUND('Dados a Colocar'!$F$16+'Dados a Colocar'!$F$16*'Dados a Colocar'!$J$22,2) -> 0
A36: =YEAR(C36) -> 1901 | B36: ="024/"&YEAR(C36) -> 024/1901 | C36: =EDATE(C35,1) -> 698 | D36: =IF('Dados a Colocar'!$G$20="sim",'Conta-Corrente'!XFB36,'Conta-Corrente'!XFB35) -> 24.º mês de renda | E36: =IF('Dados a Colocar'!$G$20="sim",'Conta-Corrente'!XFC36,'Conta-Corrente'!XFC35) -> Novembro de 1901 | F36: =IF('Dados a Colocar'!$G$20="sim",'Conta-Corrente'!XFD36,'Conta-Corrente'!XFD35) -> 0 | J36: =G36 -> 0 | K36: =I36 -> 0 | L36: =YEAR(H36) -> 1900 | XFB36: 25.º mês de renda | XFC36: =IFERROR(VLOOKUP(MONTH(C36)+1,Recibo!$IW$11:$IX$22,2,FALSE)&" de "&YEAR(C36),VLOOKUP(MONTH(C36)-11,Recibo!$IW$11:$IX$22,2,FALSE)&" de "&(YEAR(C36)+1)) -> Dezembro de 1901 | XFD36: =ROUND('Dados a Colocar'!$F$16+'Dados a Colocar'!$F$16*('Dados a Colocar'!$J$22+'Dados a Colocar'!$K$22),2) -> 0
A37: =YEAR(C37) -> 1901 | B37: ="025/"&YEAR(C37) -> 025/1901 | C37: =EDATE(C36,1) -> 728 | D37: =IF('Dados a Colocar'!$G$20="sim",'Conta-Corrente'!XFB37,'Conta-Corrente'!XFB36) -> 25.º mês de renda | E37: =IF('Dados a Colocar'!$G$20="sim",'Conta-Corrente'!XFC37,'Conta-Corrente'!XFC36) -> Dezembro de 1901 | F37: =IF('Dados a Colocar'!$G$20="sim",'Conta-Corrente'!XFD37,'Conta-Corrente'!XFD36) -> 0 | J37: =G37 -> 0 | K37: =I37 -> 0 | L37: =YEAR(H37) -> 1900 | XFB37: 26.º mês de renda | XFC37: =IFERROR(VLOOKUP(MONTH(C37)+1,Recibo!$IW$11:$IX$22,2,FALSE)&" de "&YEAR(C37),VLOOKUP(MONTH(C37)-11,Recibo!$IW$11:$IX$22,2,FALSE)&" de "&(YEAR(C37)+1)) -> Janeiro de 1902 | XFD37: =ROUND('Dados a Colocar'!$F$16+'Dados a Colocar'!$F$16*('Dados a Colocar'!$J$22+'Dados a Colocar'!$K$22),2) -> 0
A38: =YEAR(C38) -> 1902 | B38: ="026/"&YEAR(C38) -> 026/1902 | C38: =EDATE(C37,1) -> 759 | D38: =IF('Dados a Colocar'!$G$20="sim",'Conta-Corrente'!XFB38,'Conta-Corrente'!XFB37) -> 26.º mês de renda | E38: =IF('Dados a Colocar'!$G$20="sim",'Conta-Corrente'!XFC38,'Conta-Corrente'!XFC37) -> Janeiro de 1902 | F38: =IF('Dados a Colocar'!$G$20="sim",'Conta-Corrente'!XFD38,'Conta-Corrente'!XFD37) -> 0 | J38: =G38 -> 0 | K38: =I38 -> 0 | L38: =YEAR(H38) -> 1900 | XFB38: 27.º mês de renda | XFC38: =IFERROR(VLOOKUP(MONTH(C38)+1,Recibo!$IW$11:$IX$22,2,FALSE)&" de "&YEAR(C38),VLOOKUP(MONTH(C38)-11,Recibo!$IW$11:$IX$22,2,FALSE)&" de "&(YEAR(C38)+1)) -> Fevereiro de 1902 | XFD38: =ROUND('Dados a Colocar'!$F$16+'Dados a Colocar'!$F$16*('Dados a Colocar'!$J$22+'Dados a Colocar'!$K$22),2) -> 0
A39: =YEAR(C39) -> 1902 | B39: ="027/"&YEAR(C39) -> 027/1902 | C39: =EDATE(C38,1) -> 790 | D39: =IF('Dados a Colocar'!$G$20="sim",'Conta-Corrente'!XFB39,'Conta-Corrente'!XFB38) -> 27.º mês de renda | E39: =IF('Dados a Colocar'!$G$20="sim",'Conta-Corrente'!XFC39,'Conta-Corrente'!XFC38) -> Fevereiro de 1902 | F39: =IF('Dados a Colocar'!$G$20="sim",'Conta-Corrente'!XFD39,'Conta-Corrente'!XFD38) -> 0 | J39: =G39 -> 0 | K39: =I39 -> 0 | L39: =YEAR(H39) -> 1900 | XFB39: 28.º mês de renda | XFC39: =IFERROR(VLOOKUP(MONTH(C39)+1,Recibo!$IW$11:$IX$22,2,FALSE)&" de "&YEAR(C39),VLOOKUP(MONTH(C39)-11,Recibo!$IW$11:$IX$22,2,FALSE)&" de "&(YEAR(C39)+1)) -> Março de 1902 | XFD39: =ROUND('Dados a Colocar'!$F$16+'Dados a Colocar'!$F$16*('Dados a Colocar'!$J$22+'Dados a Colocar'!$K$22),2) -> 0
A40: =YEAR(C40) -> 1902 | B40: ="028/"&YEAR(C40) -> 028/1902 | C40: =EDATE(C39,1) -> 818 | D40: =IF('Dados a Colocar'!$G$20="sim",'Conta-Corrente'!XFB40,'Conta-Corrente'!XFB39) -> 28.º mês de renda | E40: =IF('Dados a Colocar'!$G$20="sim",'Conta-Corrente'!XFC40,'Conta-Corrente'!XFC39) -> Março de 1902 | F40: =IF('Dados a Colocar'!$G$20="sim",'Conta-Corrente'!XFD40,'Conta-Corrente'!XFD39) -> 0 | J40: =G40 -> 0 | K40: =I40 -> 0 | L40: =YEAR(H40) -> 1900 | XFB40: 29.º mês de renda | XFC40: =IFERROR(VLOOKUP(MONTH(C40)+1,Recibo!$IW$11:$IX$22,2,FALSE)&" de "&YEAR(C40),VLOOKUP(MONTH(C40)-11,Recibo!$IW$11:$IX$22,2,FALSE)&" de "&(YEAR(C40)+1)) -> Abril de 1902 | XFD40: =ROUND('Dados a Colocar'!$F$16+'Dados a Colocar'!$F$16*('Dados a Colocar'!$J$22+'Dados a Colocar'!$K$22),2) -> 0
A41: =YEAR(C41) -> 1902 | B41: ="029/"&YEAR(C41) -> 029/1902 | C41: =EDATE(C40,1) -> 849 | D41: =IF('Dados a Colocar'!$G$20="sim",'Conta-Corrente'!XFB41,'Conta-Corrente'!XFB40) -> 29.º mês de renda | E41: =IF('Dados a Colocar'!$G$20="sim",'Conta-Corrente'!XFC41,'Conta-Corrente'!XFC40) -> Abril de 1902 | F41: =IF('Dados a Colocar'!$G$20="sim",'Conta-Corrente'!XFD41,'Conta-Corrente'!XFD40) -> 0 | J41: =G41 -> 0 | K41: =I41 -> 0 | L41: =YEAR(H41) -> 1900 | XFB41: 30.º mês de renda | XFC41: =IFERROR(VLOOKUP(MONTH(C41)+1,Recibo!$IW$11:$IX$22,2,FALSE)&" de "&YEAR(C41),VLOOKUP(MONTH(C41)-11,Recibo!$IW$11:$IX$22,2,FALSE)&" de "&(YEAR(C41)+1)) -> Maio de 1902 | XFD41: =ROUND('Dados a Colocar'!$F$16+'Dados a Colocar'!$F$16*('Dados a Colocar'!$J$22+'Dados a Colocar'!$K$22),2) -> 0
A42: =YEAR(C42) -> 1902 | B42: ="030/"&YEAR(C42) -> 030/1902 | C42: =EDATE(C41,1) -> 879 | D42: =IF('Dados a Colocar'!$G$20="sim",'Conta-Corrente'!XFB42,'Conta-Corrente'!XFB41) -> 30.º mês de renda | E42: =IF('Dados a Colocar'!$G$20="sim",'Conta-Corrente'!XFC42,'Conta-Corrente'!XFC41) -> Maio de 1902 | F42: =IF('Dados a Colocar'!$G$20="sim",'Conta-Corrente'!XFD42,'Conta-Corrente'!XFD41) -> 0 | J42: =G42 -> 0 | K42: =I42 -> 0 | L42: =YEAR(H42) -> 1900 | XFB42: 31.º mês de renda | XFC42: =IFERROR(VLOOKUP(MONTH(C42)+1,Recibo!$IW$11:$IX$22,2,FALSE)&" de "&YEAR(C42),VLOOKUP(MONTH(C42)-11,Recibo!$IW$11:$IX$22,2,FALSE)&" de "&(YEAR(C42)+1)) -> Junho de 1902 | XFD42: =ROUND('Dados a Colocar'!$F$16+'Dados a Colocar'!$F$16*('Dados a Colocar'!$J$22+'Dados a Colocar'!$K$22),2) -> 0
A43: =YEAR(C43) -> 1902 | B43: ="031/"&YEAR(C43) -> 031/1902 | C43: =EDATE(C42,1) -> 910 | D43: =IF('Dados a Colocar'!$G$20="sim",'Conta-Corrente'!XFB43,'Conta-Corrente'!XFB42) -> 31.º mês de renda | E43: =IF('Dados a Colocar'!$G$20="sim",'Conta-Corrente'!XFC43,'Conta-Corrente'!XFC42) -> Junho de 1902 | F43: =IF('Dados a Colocar'!$G$20="sim",'Conta-Corrente'!XFD43,'Conta-Corrente'!XFD42) -> 0 | J43: =G43 -> 0 | K43: =I43 -> 0 | L43: =YEAR(H43) -> 1900 | XFB43: 32.º mês de renda | XFC43: =IFERROR(VLOOKUP(MONTH(C43)+1,Recibo!$IW$11:$IX$22,2,FALSE)&" de "&YEAR(C43),VLOOKUP(MONTH(C43)-11,Recibo!$IW$11:$IX$22,2,FALSE)&" de "&(YEAR(C43)+1)) -> Julho de 1902 | XFD43: =ROUND('Dados a Colocar'!$F$16+'Dados a Colocar'!$F$16*('Dados a Colocar'!$J$22+'Dados a Colocar'!$K$22),2) -> 0
A44: =YEAR(C44) -> 1902 | B44: ="032/"&YEAR(C44) -> 032/1902 | C44: =EDATE(C43,1) -> 940 | D44: =IF('Dados a Colocar'!$G$20="sim",'Conta-Corrente'!XFB44,'Conta-Corrente'!XFB43) -> 32.º mês de renda | E44: =IF('Dados a Colocar'!$G$20="sim",'Conta-Corrente'!XFC44,'Conta-Corrente'!XFC43) -> Julho de 1902 | F44: =IF('Dados a Colocar'!$G$20="sim",'Conta-Corrente'!XFD44,'Conta-Corrente'!XFD43) -> 0 | J44: =G44 -> 0 | K44: =I44 -> 0 | L44: =YEAR(H44) -> 1900 | XFB44: 33.º mês de renda | XFC44: =IFERROR(VLOOKUP(MONTH(C44)+1,Recibo!$IW$11:$IX$22,2,FALSE)&" de "&YEAR(C44),VLOOKUP(MONTH(C44)-11,Recibo!$IW$11:$IX$22,2,FALSE)&" de "&(YEAR(C44)+1)) -> Agosto de 1902 | XFD44: =ROUND('Dados a Colocar'!$F$16+'Dados a Colocar'!$F$16*('Dados a Colocar'!$J$22+'Dados a Colocar'!$K$22),2) -> 0
A45: =YEAR(C45) -> 1902 | B45: ="033/"&YEAR(C45) -> 033/1902 | C45: =EDATE(C44,1) -> 971 | D45: =IF('Dados a Colocar'!$G$20="sim",'Conta-Corrente'!XFB45,'Conta-Corrente'!XFB44) -> 33.º mês de renda | E45: =IF('Dados a Colocar'!$G$20="sim",'Conta-Corrente'!XFC45,'Conta-Corrente'!XFC44) -> Agosto de 1902 | F45: =IF('Dados a Colocar'!$G$20="sim",'Conta-Corrente'!XFD45,'Conta-Corrente'!XFD44) -> 0 | J45: =G45 -> 0 | K45: =I45 -> 0 | L45: =YEAR(H45) -> 1900 | XFB45: 34.º mês de renda | XFC45: =IFERROR(VLOOKUP(MONTH(C45)+1,Recibo!$IW$11:$IX$22,2,FALSE)&" de "&YEAR(C45),VLOOKUP(MONTH(C45)-11,Recibo!$IW$11:$IX$22,2,FALSE)&" de "&(YEAR(C45)+1)) -> Setembro de 1902 | XFD45: =ROUND('Dados a Colocar'!$F$16+'Dados a Colocar'!$F$16*('Dados a Colocar'!$J$22+'Dados a Colocar'!$K$22),2) -> 0
A46: =YEAR(C46) -> 1902 | B46: ="034/"&YEAR(C46) -> 034/1902 | C46: =EDATE(C45,1) -> 1002 | D46: =IF('Dados a Colocar'!$G$20="sim",'Conta-Corrente'!XFB46,'Conta-Corrente'!XFB45) -> 34.º mês de renda | E46: =IF('Dados a Colocar'!$G$20="sim",'Conta-Corrente'!XFC46,'Conta-Corrente'!XFC45) -> Setembro de 1902 | F46: =IF('Dados a Colocar'!$G$20="sim",'Conta-Corrente'!XFD46,'Conta-Corrente'!XFD45) -> 0 | J46: =G46 -> 0 | K46: =I46 -> 0 | L46: =YEAR(H46) -> 1900 | XFB46: 35.º mês de renda | XFC46: =IFERROR(VLOOKUP(MONTH(C46)+1,Recibo!$IW$11:$IX$22,2,FALSE)&" de "&YEAR(C46),VLOOKUP(MONTH(C46)-11,Recibo!$IW$11:$IX$22,2,FALSE)&" de "&(YEAR(C46)+1)) -> Outubro de 1902 | XFD46: =ROUND('Dados a Colocar'!$F$16+'Dados a Colocar'!$F$16*('Dados a Colocar'!$J$22+'Dados a Colocar'!$K$22),2) -> 0
A47: =YEAR(C47) -> 1902 | B47: ="035/"&YEAR(C47) -> 035/1902 | C47: =EDATE(C46,1) -> 1032 | D47: =IF('Dados a Colocar'!$G$20="sim",'Conta-Corrente'!XFB47,'Conta-Corrente'!XFB46) -> 35.º mês de renda | E47: =IF('Dados a Colocar'!$G$20="sim",'Conta-Corrente'!XFC47,'Conta-Corrente'!XFC46) -> Outubro de 1902 | F47: =IF('Dados a Colocar'!$G$20="sim",'Conta-Corrente'!XFD47,'Conta-Corrente'!XFD46) -> 0 | J47: =G47 -> 0 | K47: =I47 -> 0 | L47: =YEAR(H47) -> 1900 | XFB47: 36.º mês de renda | XFC47: =IFERROR(VLOOKUP(MONTH(C47)+1,Recibo!$IW$11:$IX$22,2,FALSE)&" de "&YEAR(C47),VLOOKUP(MONTH(C47)-11,Recibo!$IW$11:$IX$22,2,FALSE)&" de "&(YEAR(C47)+1)) -> Novembro de 1902 | XFD47: =ROUND('Dados a Colocar'!$F$16+'Dados a Colocar'!$F$16*('Dados a Colocar'!$J$22+'Dados a Colocar'!$K$22),2) -> 0
A48: =YEAR(C48) -> 1902 | B48: ="036/"&YEAR(C48) -> 036/1902 | C48: =EDATE(C47,1) -> 1063 | D48: =IF('Dados a Colocar'!$G$20="sim",'Conta-Corrente'!XFB48,'Conta-Corrente'!XFB47) -> 36.º mês de renda | E48: =IF('Dados a Colocar'!$G$20="sim",'Conta-Corrente'!XFC48,'Conta-Corrente'!XFC47) -> Novembro de 1902 | F48: =IF('Dados a Colocar'!$G$20="sim",'Conta-Corrente'!XFD48,'Conta-Corrente'!XFD47) -> 0 | J48: =G48 -> 0 | K48: =I48 -> 0 | L48: =YEAR(H48) -> 1900 | XFB48: 37.º mês de renda | XFC48: =IFERROR(VLOOKUP(MONTH(C48)+1,Recibo!$IW$11:$IX$22,2,FALSE)&" de "&YEAR(C48),VLOOKUP(MONTH(C48)-11,Recibo!$IW$11:$IX$22,2,FALSE)&" de "&(YEAR(C48)+1)) -> Dezembro de 1902 | XFD48: =ROUND('Dados a Colocar'!$F$16+'Dados a Colocar'!$F$16*('Dados a Colocar'!$J$22+'Dados a Colocar'!$K$22+'Dados a Colocar'!$L$22),2) -> 0
A49: =YEAR(C49) -> 1902 | B49: ="037/"&YEAR(C49) -> 037/1902 | C49: =EDATE(C48,1) -> 1093 | D49: =IF('Dados a Colocar'!$G$20="sim",'Conta-Corrente'!XFB49,'Conta-Corrente'!XFB48) -> 37.º mês de renda | E49: =IF('Dados a Colocar'!$G$20="sim",'Conta-Corrente'!XFC49,'Conta-Corrente'!XFC48) -> Dezembro de 1902 | F49: =IF('Dados a Colocar'!$G$20="sim",'Conta-Corrente'!XFD49,'Conta-Corrente'!XFD48) -> 0 | J49: =G49 -> 0 | K49: =I49 -> 0 | L49: =YEAR(H49) -> 1900 | XFB49: 38.º mês de renda | XFC49: =IFERROR(VLOOKUP(MONTH(C49)+1,Recibo!$IW$11:$IX$22,2,FALSE)&" de "&YEAR(C49),VLOOKUP(MONTH(C49)-11,Recibo!$IW$11:$IX$22,2,FALSE)&" de "&(YEAR(C49)+1)) -> Janeiro de 1903 | XFD49: =ROUND('Dados a Colocar'!$F$16+'Dados a Colocar'!$F$16*('Dados a Colocar'!$J$22+'Dados a Colocar'!$K$22+'Dados a Colocar'!$L$22),2) -> 0
A50: =YEAR(C50) -> 1903 | B50: ="038/"&YEAR(C50) -> 038/1903 | C50: =EDATE(C49,1) -> 1124 | D50: =IF('Dados a Colocar'!$G$20="sim",'Conta-Corrente'!XFB50,'Conta-Corrente'!XFB49) -> 38.º mês de renda | E50: =IF('Dados a Colocar'!$G$20="sim",'Conta-Corrente'!XFC50,'Conta-Corrente'!XFC49) -> Janeiro de 1903 | F50: =IF('Dados a Colocar'!$G$20="sim",'Conta-Corrente'!XFD50,'Conta-Corrente'!XFD49) -> 0 | J50: =G50 -> 0 | K50: =I50 -> 0 | L50: =YEAR(H50) -> 1900 | XFB50: 39.º mês de renda | XFC50: =IFERROR(VLOOKUP(MONTH(C50)+1,Recibo!$IW$11:$IX$22,2,FALSE)&" de "&YEAR(C50),VLOOKUP(MONTH(C50)-11,Recibo!$IW$11:$IX$22,2,FALSE)&" de "&(YEAR(C50)+1)) -> Fevereiro de 1903 | XFD50: =ROUND('Dados a Colocar'!$F$16+'Dados a Colocar'!$F$16*('Dados a Colocar'!$J$22+'Dados a Colocar'!$K$22+'Dados a Colocar'!$L$22),2) -> 0
A51: =YEAR(C51) -> 1903 | B51: ="039/"&YEAR(C51) -> 039/1903 | C51: =EDATE(C50,1) -> 1155 | D51: =IF('Dados a Colocar'!$G$20="sim",'Conta-Corrente'!XFB51,'Conta-Corrente'!XFB50) -> 39.º mês de renda | E51: =IF('Dados a Colocar'!$G$20="sim",'Conta-Corrente'!XFC51,'Conta-Corrente'!XFC50) -> Fevereiro de 1903 | F51: =IF('Dados a Colocar'!$G$20="sim",'Conta-Corrente'!XFD51,'Conta-Corrente'!XFD50) -> 0 | J51: =G51 -> 0 | K51: =I51 -> 0 | L51: =YEAR(H51) -> 1900 | XFB51: 40.º mês de renda | XFC51: =IFERROR(VLOOKUP(MONTH(C51)+1,Recibo!$IW$11:$IX$22,2,FALSE)&" de "&YEAR(C51),VLOOKUP(MONTH(C51)-11,Recibo!$IW$11:$IX$22,2,FALSE)&" de "&(YEAR(C51)+1)) -> Março de 1903 | XFD51: =ROUND('Dados a Colocar'!$F$16+'Dados a Colocar'!$F$16*('Dados a Colocar'!$J$22+'Dados a Colocar'!$K$22+'Dados a Colocar'!$L$22),2) -> 0
A52: =YEAR(C52) -> 1903 | B52: ="040/"&YEAR(C52) -> 040/1903 | C52: =EDATE(C51,1) -> 1183 | D52: =IF('Dados a Colocar'!$G$20="sim",'Conta-Corrente'!XFB52,'Conta-Corrente'!XFB51) -> 40.º mês de renda | E52: =IF('Dados a Colocar'!$G$20="sim",'Conta-Corrente'!XFC52,'Conta-Corrente'!XFC51) -> Março de 1903 | F52: =IF('Dados a Colocar'!$G$20="sim",'Conta-Corrente'!XFD52,'Conta-Corrente'!XFD51) -> 0 | J52: =G52 -> 0 | K52: =I52 -> 0 | L52: =YEAR(H52) -> 1900 | XFB52: 41.º mês de renda | XFC52: =IFERROR(VLOOKUP(MONTH(C52)+1,Recibo!$IW$11:$IX$22,2,FALSE)&" de "&YEAR(C52),VLOOKUP(MONTH(C52)-11,Recibo!$IW$11:$IX$22,2,FALSE)&" de "&(YEAR(C52)+1)) -> Abril de 1903 | XFD52: =ROUND('Dados a Colocar'!$F$16+'Dados a Colocar'!$F$16*('Dados a Colocar'!$J$22+'Dados a Colocar'!$K$22+'Dados a Colocar'!$L$22),2) -> 0
A53: =YEAR(C53) -> 1903 | B53: ="041/"&YEAR(C53) -> 041/1903 | C53: =EDATE(C52,1) -> 1214 | D53: =IF('Dados a Colocar'!$G$20="sim",'Conta-Corrente'!XFB53,'Conta-Corrente'!XFB52) -> 41.º mês de renda | E53: =IF('Dados a Colocar'!$G$20="sim",'Conta-Corrente'!XFC53,'Conta-Corrente'!XFC52) -> Abril de 1903 | F53: =IF('Dados a Colocar'!$G$20="sim",'Conta-Corrente'!XFD53,'Conta-Corrente'!XFD52) -> 0 | J53: =G53 -> 0 | K53: =I53 -> 0 | L53: =YEAR(H53) -> 1900 | XFB53: 42.º mês de renda | XFC53: =IFERROR(VLOOKUP(MONTH(C53)+1,Recibo!$IW$11:$IX$22,2,FALSE)&" de "&YEAR(C53),VLOOKUP(MONTH(C53)-11,Recibo!$IW$11:$IX$22,2,FALSE)&" de "&(YEAR(C53)+1)) -> Maio de 1903 | XFD53: =ROUND('Dados a Colocar'!$F$16+'Dados a Colocar'!$F$16*('Dados a Colocar'!$J$22+'Dados a Colocar'!$K$22+'Dados a Colocar'!$L$22),2) -> 0
A54: =YEAR(C54) -> 1903 | B54: ="042/"&YEAR(C54) -> 042/1903 | C54: =EDATE(C53,1) -> 1244 | D54: =IF('Dados a Colocar'!$G$20="sim",'Conta-Corrente'!XFB54,'Conta-Corrente'!XFB53) -> 42.º mês de renda | E54: =IF('Dados a Colocar'!$G$20="sim",'Conta-Corrente'!XFC54,'Conta-Corrente'!XFC53) -> Maio de 1903 | F54: =IF('Dados a Colocar'!$G$20="sim",'Conta-Corrente'!XFD54,'Conta-Corrente'!XFD53) -> 0 | J54: =G54 -> 0 | K54: =I54 -> 0 | L54: =YEAR(H54) -> 1900 | XFB54: 43.º mês de renda | XFC54: =IFERROR(VLOOKUP(MONTH(C54)+1,Recibo!$IW$11:$IX$22,2,FALSE)&" de "&YEAR(C54),VLOOKUP(MONTH(C54)-11,Recibo!$IW$11:$IX$22,2,FALSE)&" de "&(YEAR(C54)+1)) -> Junho de 1903 | XFD54: =ROUND('Dados a Colocar'!$F$16+'Dados a Colocar'!$F$16*('Dados a Colocar'!$J$22+'Dados a Colocar'!$K$22+'Dados a Colocar'!$L$22),2) -> 0
A55: =YEAR(C55) -> 1903 | B55: ="043/"&YEAR(C55) -> 043/1903 | C55: =EDATE(C54,1) -> 1275 | D55: =IF('Dados a Colocar'!$G$20="sim",'Conta-Corrente'!XFB55,'Conta-Corrente'!XFB54) -> 43.º mês de renda | E55: =IF('Dados a Colocar'!$G$20="sim",'Conta-Corrente'!XFC55,'Conta-Corrente'!XFC54) -> Junho de 1903 | F55: =IF('Dados a Colocar'!$G$20="sim",'Conta-Corrente'!XFD55,'Conta-Corrente'!XFD54) -> 0 | J55: =G55 -> 0 | K55: =I55 -> 0 | L55: =YEAR(H55) -> 1900 | XFB55: 44.º mês de renda | XFC55: =IFERROR(VLOOKUP(MONTH(C55)+1,Recibo!$IW$11:$IX$22,2,FALSE)&" de "&YEAR(C55),VLOOKUP(MONTH(C55)-11,Recibo!$IW$11:$IX$22,2,FALSE)&" de "&(YEAR(C55)+1)) -> Julho de 1903 | XFD55: =ROUND('Dados a Colocar'!$F$16+'Dados a Colocar'!$F$16*('Dados a Colocar'!$J$22+'Dados a Colocar'!$K$22+'Dados a Colocar'!$L$22),2) -> 0
A56: =YEAR(C56) -> 1903 | B56: ="044/"&YEAR(C56) -> 044/1903 | C56: =EDATE(C55,1) -> 1305 | D56: =IF('Dados a Colocar'!$G$20="sim",'Conta-Corrente'!XFB56,'Conta-Corrente'!XFB55) -> 44.º mês de renda | E56: =IF('Dados a Colocar'!$G$20="sim",'Conta-Corrente'!XFC56,'Conta-Corrente'!XFC55) -> Julho de 1903 | F56: =IF('Dados a Colocar'!$G$20="sim",'Conta-Corrente'!XFD56,'Conta-Corrente'!XFD55) -> 0 | J56: =G56 -> 0 | K56: =I56 -> 0 | L56: =YEAR(H56) -> 1900 | XFB56: 45.º mês de renda | XFC56: =IFERROR(VLOOKUP(MONTH(C56)+1,Recibo!$IW$11:$IX$22,2,FALSE)&" de "&YEAR(C56),VLOOKUP(MONTH(C56)-11,Recibo!$IW$11:$IX$22,2,FALSE)&" de "&(YEAR(C56)+1)) -> Agosto de 1903 | XFD56: =ROUND('Dados a Colocar'!$F$16+'Dados a Colocar'!$F$16*('Dados a Colocar'!$J$22+'Dados a Colocar'!$K$22+'Dados a Colocar'!$L$22),2) -> 0
A57: =YEAR(C57) -> 1903 | B57: ="045/"&YEAR(C57) -> 045/1903 | C57: =EDATE(C56,1) -> 1336 | D57: =IF('Dados a Colocar'!$G$20="sim",'Conta-Corrente'!XFB57,'Conta-Corrente'!XFB56) -> 45.º mês de renda | E57: =IF('Dados a Colocar'!$G$20="sim",'Conta-Corrente'!XFC57,'Conta-Corrente'!XFC56) -> Agosto de 1903 | F57: =IF('Dados a Colocar'!$G$20="sim",'Conta-Corrente'!XFD57,'Conta-Corrente'!XFD56) -> 0 | J57: =G57 -> 0 | K57: =I57 -> 0 | L57: =YEAR(H57) -> 1900 | XFB57: 46.º mês de renda | XFC57: =IFERROR(VLOOKUP(MONTH(C57)+1,Recibo!$IW$11:$IX$22,2,FALSE)&" de "&YEAR(C57),VLOOKUP(MONTH(C57)-11,Recibo!$IW$11:$IX$22,2,FALSE)&" de "&(YEAR(C57)+1)) -> Setembro de 1903 | XFD57: =ROUND('Dados a Colocar'!$F$16+'Dados a Colocar'!$F$16*('Dados a Colocar'!$J$22+'Dados a Colocar'!$K$22+'Dados a Colocar'!$L$22),2) -> 0
A58: =YEAR(C58) -> 1903 | B58: ="046/"&YEAR(C58) -> 046/1903 | C58: =EDATE(C57,1) -> 1367 | D58: =IF('Dados a Colocar'!$G$20="sim",'Conta-Corrente'!XFB58,'Conta-Corrente'!XFB57) -> 46.º mês de renda | E58: =IF('Dados a Colocar'!$G$20="sim",'Conta-Corrente'!XFC58,'Conta-Corrente'!XFC57) -> Setembro de 1903 | F58: =IF('Dados a Colocar'!$G$20="sim",'Conta-Corrente'!XFD58,'Conta-Corrente'!XFD57) -> 0 | J58: =G58 -> 0 | K58: =I58 -> 0 | L58: =YEAR(H58) -> 1900 | XFB58: 47.º mês de renda | XFC58: =IFERROR(VLOOKUP(MONTH(C58)+1,Recibo!$IW$11:$IX$22,2,FALSE)&" de "&YEAR(C58),VLOOKUP(MONTH(C58)-11,Recibo!$IW$11:$IX$22,2,FALSE)&" de "&(YEAR(C58)+1)) -> Outubro de 1903 | XFD58: =ROUND('Dados a Colocar'!$F$16+'Dados a Colocar'!$F$16*('Dados a Colocar'!$J$22+'Dados a Colocar'!$K$22+'Dados a Colocar'!$L$22),2) -> 0
A59: =YEAR(C59) -> 1903 | B59: ="047/"&YEAR(C59) -> 047/1903 | C59: =EDATE(C58,1) -> 1397 | D59: =IF('Dados a Colocar'!$G$20="sim",'Conta-Corrente'!XFB59,'Conta-Corrente'!XFB58) -> 47.º mês de renda | E59: =IF('Dados a Colocar'!$G$20="sim",'Conta-Corrente'!XFC59,'Conta-Corrente'!XFC58) -> Outubro de 1903 | F59: =IF('Dados a Colocar'!$G$20="sim",'Conta-Corrente'!XFD59,'Conta-Corrente'!XFD58) -> 0 | J59: =G59 -> 0 | K59: =I59 -> 0 | L59: =YEAR(H59) -> 1900 | XFB59: 48.º mês de renda | XFC59: =IFERROR(VLOOKUP(MONTH(C59)+1,Recibo!$IW$11:$IX$22,2,FALSE)&" de "&YEAR(C59),VLOOKUP(MONTH(C59)-11,Recibo!$IW$11:$IX$22,2,FALSE)&" de "&(YEAR(C59)+1)) -> Novembro de 1903 | XFD59: =ROUND('Dados a Colocar'!$F$16+'Dados a Colocar'!$F$16*('Dados a Colocar'!$J$22+'Dados a Colocar'!$K$22+'Dados a Colocar'!$L$22),2) -> 0
A60: =YEAR(C60) -> 1903 | B60: ="048/"&YEAR(C60) -> 048/1903 | C60: =EDATE(C59,1) -> 1428 | D60: =IF('Dados a Colocar'!$G$20="sim",'Conta-Corrente'!XFB60,'Conta-Corrente'!XFB59) -> 48.º mês de renda | E60: =IF('Dados a Colocar'!$G$20="sim",'Conta-Corrente'!XFC60,'Conta-Corrente'!XFC59) -> Novembro de 1903 | F60: =IF('Dados a Colocar'!$G$20="sim",'Conta-Corrente'!XFD60,'Conta-Corrente'!XFD59) -> 0 | J60: =G60 -> 0 | K60: =I60 -> 0 | L60: =YEAR(H60) -> 1900 | XFB60: 49.º mês de renda | XFC60: =IFERROR(VLOOKUP(MONTH(C60)+1,Recibo!$IW$11:$IX$22,2,FALSE)&" de "&YEAR(C60),VLOOKUP(MONTH(C60)-11,Recibo!$IW$11:$IX$22,2,FALSE)&" de "&(YEAR(C60)+1)) -> Dezembro de 1903 | XFD60: =ROUND('Dados a Colocar'!$F$16+'Dados a Colocar'!$F$16*('Dados a Colocar'!$J$22+'Dados a Colocar'!$K$22+'Dados a Colocar'!$L$22+'Dados a Colocar'!$M$22),2) -> 0
A61: =YEAR(C61) -> 1903 | B61: ="049/"&YEAR(C61) -> 049/1903 | C61: =EDATE(C60,1) -> 1458 | D61: =IF('Dados a Colocar'!$G$20="sim",'Conta-Corrente'!XFB61,'Conta-Corrente'!XFB60) -> 49.º mês de renda | E61: =IF('Dados a Colocar'!$G$20="sim",'Conta-Corrente'!XFC61,'Conta-Corrente'!XFC60) -> Dezembro de 1903 | F61: =IF('Dados a Colocar'!$G$20="sim",'Conta-Corrente'!XFD61,'Conta-Corrente'!XFD60) -> 0 | J61: =G61 -> 0 | K61: =I61 -> 0 | L61: =YEAR(H61) -> 1900 | XFB61: 50.º mês de renda | XFC61: =IFERROR(VLOOKUP(MONTH(C61)+1,Recibo!$IW$11:$IX$22,2,FALSE)&" de "&YEAR(C61),VLOOKUP(MONTH(C61)-11,Recibo!$IW$11:$IX$22,2,FALSE)&" de "&(YEAR(C61)+1)) -> Janeiro de 1904 | XFD61: =ROUND('Dados a Colocar'!$F$16+'Dados a Colocar'!$F$16*('Dados a Colocar'!$J$22+'Dados a Colocar'!$K$22+'Dados a Colocar'!$L$22+'Dados a Colocar'!$M$22),2) -> 0
A62: =YEAR(C62) -> 1904 | B62: ="050/"&YEAR(C62) -> 050/1904 | C62: =EDATE(C61,1) -> 1489 | D62: =IF('Dados a Colocar'!$G$20="sim",'Conta-Corrente'!XFB62,'Conta-Corrente'!XFB61) -> 50.º mês de renda | E62: =IF('Dados a Colocar'!$G$20="sim",'Conta-Corrente'!XFC62,'Conta-Corrente'!XFC61) -> Janeiro de 1904 | F62: =IF('Dados a Colocar'!$G$20="sim",'Conta-Corrente'!XFD62,'Conta-Corrente'!XFD61) -> 0 | J62: =G62 -> 0 | K62: =I62 -> 0 | L62: =YEAR(H62) -> 1900 | XFB62: 51.º mês de renda | XFC62: =IFERROR(VLOOKUP(MONTH(C62)+1,Recibo!$IW$11:$IX$22,2,FALSE)&" de "&YEAR(C62),VLOOKUP(MONTH(C62)-11,Recibo!$IW$11:$IX$22,2,FALSE)&" de "&(YEAR(C62)+1)) -> Fevereiro de 1904 | XFD62: =ROUND('Dados a Colocar'!$F$16+'Dados a Colocar'!$F$16*('Dados a Colocar'!$J$22+'Dados a Colocar'!$K$22+'Dados a Colocar'!$L$22+'Dados a Colocar'!$M$22),2) -> 0
A63: =YEAR(C63) -> 1904 | B63: ="051/"&YEAR(C63) -> 051/1904 | C63: =EDATE(C62,1) -> 1520 | D63: =IF('Dados a Colocar'!$G$20="sim",'Conta-Corrente'!XFB63,'Conta-Corrente'!XFB62) -> 51.º mês de renda | E63: =IF('Dados a Colocar'!$G$20="sim",'Conta-Corrente'!XFC63,'Conta-Corrente'!XFC62) -> Fevereiro de 1904 | F63: =IF('Dados a Colocar'!$G$20="sim",'Conta-Corrente'!XFD63,'Conta-Corrente'!XFD62) -> 0 | J63: =G63 -> 0 | K63: =I63 -> 0 | L63: =YEAR(H63) -> 1900 | XFB63: 52.º mês de renda | XFC63: =IFERROR(VLOOKUP(MONTH(C63)+1,Recibo!$IW$11:$IX$22,2,FALSE)&" de "&YEAR(C63),VLOOKUP(MONTH(C63)-11,Recibo!$IW$11:$IX$22,2,FALSE)&" de "&(YEAR(C63)+1)) -> Março de 1904 | XFD63: =ROUND('Dados a Colocar'!$F$16+'Dados a Colocar'!$F$16*('Dados a Colocar'!$J$22+'Dados a Colocar'!$K$22+'Dados a Colocar'!$L$22+'Dados a Colocar'!$M$22),2) -> 0
A64: =YEAR(C64) -> 1904 | B64: ="052/"&YEAR(C64) -> 052/1904 | C64: =EDATE(C63,1) -> 1549 | D64: =IF('Dados a Colocar'!$G$20="sim",'Conta-Corrente'!XFB64,'Conta-Corrente'!XFB63) -> 52.º mês de renda | E64: =IF('Dados a Colocar'!$G$20="sim",'Conta-Corrente'!XFC64,'Conta-Corrente'!XFC63) -> Março de 1904 | F64: =IF('Dados a Colocar'!$G$20="sim",'Conta-Corrente'!XFD64,'Conta-Corrente'!XFD63) -> 0 | J64: =G64 -> 0 | K64: =I64 -> 0 | L64: =YEAR(H64) -> 1900 | XFB64: 53.º mês de renda | XFC64: =IFERROR(VLOOKUP(MONTH(C64)+1,Recibo!$IW$11:$IX$22,2,FALSE)&" de "&YEAR(C64),VLOOKUP(MONTH(C64)-11,Recibo!$IW$11:$IX$22,2,FALSE)&" de "&(YEAR(C64)+1)) -> Abril de 1904 | XFD64: =ROUND('Dados a Colocar'!$F$16+'Dados a Colocar'!$F$16*('Dados a Colocar'!$J$22+'Dados a Colocar'!$K$22+'Dados a Colocar'!$L$22+'Dados a Colocar'!$M$22),2) -> 0
A65: =YEAR(C65) -> 1904 | B65: ="053/"&YEAR(C65) -> 053/1904 | C65: =EDATE(C64,1) -> 1580 | D65: =IF('Dados a Colocar'!$G$20="sim",'Conta-Corrente'!XFB65,'Conta-Corrente'!XFB64) -> 53.º mês de renda | E65: =IF('Dados a Colocar'!$G$20="sim",'Conta-Corrente'!XFC65,'Conta-Corrente'!XFC64) -> Abril de 1904 | F65: =IF('Dados a Colocar'!$G$20="sim",'Conta-Corrente'!XFD65,'Conta-Corrente'!XFD64) -> 0 | J65: =G65 -> 0 | K65: =I65 -> 0 | L65: =YEAR(H65) -> 1900 | XFB65: 54.º mês de renda | XFC65: =IFERROR(VLOOKUP(MONTH(C65)+1,Recibo!$IW$11:$IX$22,2,FALSE)&" de "&YEAR(C65),VLOOKUP(MONTH(C65)-11,Recibo!$IW$11:$IX$22,2,FALSE)&" de "&(YEAR(C65)+1)) -> Maio de 1904 | XFD65: =ROUND('Dados a Colocar'!$F$16+'Dados a Colocar'!$F$16*('Dados a Colocar'!$J$22+'Dados a Colocar'!$K$22+'Dados a Colocar'!$L$22+'Dados a Colocar'!$M$22),2) -> 0
A66: =YEAR(C66) -> 1904 | B66: ="054/"&YEAR(C66) -> 054/1904 | C66: =EDATE(C65,1) -> 1610 | D66: =IF('Dados a Colocar'!$G$20="sim",'Conta-Corrente'!XFB66,'Conta-Corrente'!XFB65) -> 54.º mês de renda | E66: =IF('Dados a Colocar'!$G$20="sim",'Conta-Corrente'!XFC66,'Conta-Corrente'!XFC65) -> Maio de 1904 | F66: =IF('Dados a Colocar'!$G$20="sim",'Conta-Corrente'!XFD66,'Conta-Corrente'!XFD65) -> 0 | J66: =G66 -> 0 | K66: =I66 -> 0 | L66: =YEAR(H66) -> 1900 | XFB66: 55.º mês de renda | XFC66: =IFERROR(VLOOKUP(MONTH(C66)+1,Recibo!$IW$11:$IX$22,2,FALSE)&" de "&YEAR(C66),VLOOKUP(MONTH(C66)-11,Recibo!$IW$11:$IX$22,2,FALSE)&" de "&(YEAR(C66)+1)) -> Junho de 1904 | XFD66: =ROUND('Dados a Colocar'!$F$16+'Dados a Colocar'!$F$16*('Dados a Colocar'!$J$22+'Dados a Colocar'!$K$22+'Dados a Colocar'!$L$22+'Dados a Colocar'!$M$22),2) -> 0
A67: =YEAR(C67) -> 1904 | B67: ="055/"&YEAR(C67) -> 055/1904 | C67: =EDATE(C66,1) -> 1641 | D67: =IF('Dados a Colocar'!$G$20="sim",'Conta-Corrente'!XFB67,'Conta-Corrente'!XFB66) -> 55.º mês de renda | E67: =IF('Dados a Colocar'!$G$20="sim",'Conta-Corrente'!XFC67,'Conta-Corrente'!XFC66) -> Junho de 1904 | F67: =IF('Dados a Colocar'!$G$20="sim",'Conta-Corrente'!XFD67,'Conta-Corrente'!XFD66) -> 0 | J67: =G67 -> 0 | K67: =I67 -> 0 | L67: =YEAR(H67) -> 1900 | XFB67: 56.º mês de renda | XFC67: =IFERROR(VLOOKUP(MONTH(C67)+1,Recibo!$IW$11:$IX$22,2,FALSE)&" de "&YEAR(C67),VLOOKUP(MONTH(C67)-11,Recibo!$IW$11:$IX$22,2,FALSE)&" de "&(YEAR(C67)+1)) -> Julho de 1904 | XFD67: =ROUND('Dados a Colocar'!$F$16+'Dados a Colocar'!$F$16*('Dados a Colocar'!$J$22+'Dados a Colocar'!$K$22+'Dados a Colocar'!$L$22+'Dados a Colocar'!$M$22),2) -> 0
A68: =YEAR(C68) -> 1904 | B68: ="056/"&YEAR(C68) -> 056/1904 | C68: =EDATE(C67,1) -> 1671 | D68: =IF('Dados a Colocar'!$G$20="sim",'Conta-Corrente'!XFB68,'Conta-Corrente'!XFB67) -> 56.º mês de renda | E68: =IF('Dados a Colocar'!$G$20="sim",'Conta-Corrente'!XFC68,'Conta-Corrente'!XFC67) -> Julho de 1904 | F68: =IF('Dados a Colocar'!$G$20="sim",'Conta-Corrente'!XFD68,'Conta-Corrente'!XFD67) -> 0 | J68: =G68 -> 0 | K68: =I68 -> 0 | L68: =YEAR(H68) -> 1900 | XFB68: 57.º mês de renda | XFC68: =IFERROR(VLOOKUP(MONTH(C68)+1,Recibo!$IW$11:$IX$22,2,FALSE)&" de "&YEAR(C68),VLOOKUP(MONTH(C68)-11,Recibo!$IW$11:$IX$22,2,FALSE)&" de "&(YEAR(C68)+1)) -> Agosto de 1904 | XFD68: =ROUND('Dados a Colocar'!$F$16+'Dados a Colocar'!$F$16*('Dados a Colocar'!$J$22+'Dados a Colocar'!$K$22+'Dados a Colocar'!$L$22+'Dados a Colocar'!$M$22),2) -> 0
A69: =YEAR(C69) -> 1904 | B69: ="057/"&YEAR(C69) -> 057/1904 | C69: =EDATE(C68,1) -> 1702 | D69: =IF('Dados a Colocar'!$G$20="sim",'Conta-Corrente'!XFB69,'Conta-Corrente'!XFB68) -> 57.º mês de renda | E69: =IF('Dados a Colocar'!$G$20="sim",'Conta-Corrente'!XFC69,'Conta-Corrente'!XFC68) -> Agosto de 1904 | F69: =IF('Dados a Colocar'!$G$20="sim",'Conta-Corrente'!XFD69,'Conta-Corrente'!XFD68) -> 0 | J69: =G69 -> 0 | K69: =I69 -> 0 | L69: =YEAR(H69) -> 1900 | XFB69: 58.º mês de renda | XFC69: =IFERROR(VLOOKUP(MONTH(C69)+1,Recibo!$IW$11:$IX$22,2,FALSE)&" de "&YEAR(C69),VLOOKUP(MONTH(C69)-11,Recibo!$IW$11:$IX$22,2,FALSE)&" de "&(YEAR(C69)+1)) -> Setembro de 1904 | XFD69: =ROUND('Dados a Colocar'!$F$16+'Dados a Colocar'!$F$16*('Dados a Colocar'!$J$22+'Dados a Colocar'!$K$22+'Dados a Colocar'!$L$22+'Dados a Colocar'!$M$22),2) -> 0
A70: =YEAR(C70) -> 1904 | B70: ="058/"&YEAR(C70) -> 058/1904 | C70: =EDATE(C69,1) -> 1733 | D70: =IF('Dados a Colocar'!$G$20="sim",'Conta-Corrente'!XFB70,'Conta-Corrente'!XFB69) -> 58.º mês de renda | E70: =IF('Dados a Colocar'!$G$20="sim",'Conta-Corrente'!XFC70,'Conta-Corrente'!XFC69) -> Setembro de 1904 | F70: =IF('Dados a Colocar'!$G$20="sim",'Conta-Corrente'!XFD70,'Conta-Corrente'!XFD69) -> 0 | J70: =G70 -> 0 | K70: =I70 -> 0 | L70: =YEAR(H70) -> 1900 | XFB70: 59.º mês de renda | XFC70: =IFERROR(VLOOKUP(MONTH(C70)+1,Recibo!$IW$11:$IX$22,2,FALSE)&" de "&YEAR(C70),VLOOKUP(MONTH(C70)-11,Recibo!$IW$11:$IX$22,2,FALSE)&" de "&(YEAR(C70)+1)) -> Outubro de 1904 | XFD70: =ROUND('Dados a Colocar'!$F$16+'Dados a Colocar'!$F$16*('Dados a Colocar'!$J$22+'Dados a Colocar'!$K$22+'Dados a Colocar'!$L$22+'Dados a Colocar'!$M$22),2) -> 0
A71: =YEAR(C71) -> 1904 | B71: ="059/"&YEAR(C71) -> 059/1904 | C71: =EDATE(C70,1) -> 1763 | D71: =IF('Dados a Colocar'!$G$20="sim",'Conta-Corrente'!XFB71,'Conta-Corrente'!XFB70) -> 59.º mês de renda | E71: =IF('Dados a Colocar'!$G$20="sim",'Conta-Corrente'!XFC71,'Conta-Corrente'!XFC70) -> Outubro de 1904 | F71: =IF('Dados a Colocar'!$G$20="sim",'Conta-Corrente'!XFD71,'Conta-Corrente'!XFD70) -> 0 | J71: =G71 -> 0 | K71: =I71 -> 0 | L71: =YEAR(H71) -> 1900 | XFB71: 60.º mês de renda | XFC71: =IFERROR(VLOOKUP(MONTH(C71)+1,Recibo!$IW$11:$IX$22,2,FALSE)&" de "&YEAR(C71),VLOOKUP(MONTH(C71)-11,Recibo!$IW$11:$IX$22,2,FALSE)&" de "&(YEAR(C71)+1)) -> Novembro de 1904 | XFD71: =ROUND('Dados a Colocar'!$F$16+'Dados a Colocar'!$F$16*('Dados a Colocar'!$J$22+'Dados a Colocar'!$K$22+'Dados a Colocar'!$L$22+'Dados a Colocar'!$M$22),2) -> 0
A72: =YEAR(C72) -> 1904 | B72: ="060/"&YEAR(C72) -> 060/1904 | C72: =EDATE(C71,1) -> 1794 | D72: =IF('Dados a Colocar'!$G$20="sim",'Conta-Corrente'!XFB72,'Conta-Corrente'!XFB71) -> 60.º mês de renda | E72: =IF('Dados a Colocar'!$G$20="sim",'Conta-Corrente'!XFC72,'Conta-Corrente'!XFC71) -> Novembro de 1904 | F72: =IF('Dados a Colocar'!$G$20="sim",'Conta-Corrente'!XFD72,'Conta-Corrente'!XFD71) -> 0 | J72: =G72 -> 0 | K72: =I72 -> 0 | L72: =YEAR(H72) -> 1900 | XFB72: 61.º mês de renda | XFC72: =IFERROR(VLOOKUP(MONTH(C72)+1,Recibo!$IW$11:$IX$22,2,FALSE)&" de "&YEAR(C72),VLOOKUP(MONTH(C72)-11,Recibo!$IW$11:$IX$22,2,FALSE)&" de "&(YEAR(C72)+1)) -> Dezembro de 1904 | XFD72: =ROUND('Dados a Colocar'!$F$16+'Dados a Colocar'!$F$16*('Dados a Colocar'!$J$22+'Dados a Colocar'!$K$22+'Dados a Colocar'!$L$22+'Dados a Colocar'!$M$22+'Dados a Colocar'!$N$22),2) -> 0
A73: =YEAR(C73) -> 1904 | B73: ="061/"&YEAR(C73) -> 061/1904 | C73: =EDATE(C72,1) -> 1824 | D73: =IF('Dados a Colocar'!$G$20="sim",'Conta-Corrente'!XFB73,'Conta-Corrente'!XFB72) -> 61.º mês de renda | E73: =IF('Dados a Colocar'!$G$20="sim",'Conta-Corrente'!XFC73,'Conta-Corrente'!XFC72) -> Dezembro de 1904 | F73: =IF('Dados a Colocar'!$G$20="sim",'Conta-Corrente'!XFD73,'Conta-Corrente'!XFD72) -> 0 | J73: =G73 -> 0 | K73: =I73 -> 0 | L73: =YEAR(H73) -> 1900 | XFB73: 62.º mês de renda | XFC73: =IFERROR(VLOOKUP(MONTH(C73)+1,Recibo!$IW$11:$IX$22,2,FALSE)&" de "&YEAR(C73),VLOOKUP(MONTH(C73)-11,Recibo!$IW$11:$IX$22,2,FALSE)&" de "&(YEAR(C73)+1)) -> Janeiro de 1905 | XFD73: =ROUND('Dados a Colocar'!$F$16+'Dados a Colocar'!$F$16*('Dados a Colocar'!$J$22+'Dados a Colocar'!$K$22+'Dados a Colocar'!$L$22+'Dados a Colocar'!$M$22+'Dados a Colocar'!$N$22),2) -> 0
A74: =YEAR(C74) -> 1905 | B74: ="062/"&YEAR(C74) -> 062/1905 | C74: =EDATE(C73,1) -> 1855 | D74: =IF('Dados a Colocar'!$G$20="sim",'Conta-Corrente'!XFB74,'Conta-Corrente'!XFB73) -> 62.º mês de renda | E74: =IF('Dados a Colocar'!$G$20="sim",'Conta-Corrente'!XFC74,'Conta-Corrente'!XFC73) -> Janeiro de 1905 | F74: =IF('Dados a Colocar'!$G$20="sim",'Conta-Corrente'!XFD74,'Conta-Corrente'!XFD73) -> 0 | J74: =G74 -> 0 | K74: =I74 -> 0 | L74: =YEAR(H74) -> 1900 | XFB74: 63.º mês de renda | XFC74: =IFERROR(VLOOKUP(MONTH(C74)+1,Recibo!$IW$11:$IX$22,2,FALSE)&" de "&YEAR(C74),VLOOKUP(MONTH(C74)-11,Recibo!$IW$11:$IX$22,2,FALSE)&" de "&(YEAR(C74)+1)) -> Fevereiro de 1905 | XFD74: =ROUND('Dados a Colocar'!$F$16+'Dados a Colocar'!$F$16*('Dados a Colocar'!$J$22+'Dados a Colocar'!$K$22+'Dados a Colocar'!$L$22+'Dados a Colocar'!$M$22+'Dados a Colocar'!$N$22),2) -> 0
A75: =YEAR(C75) -> 1905 | B75: ="063/"&YEAR(C75) -> 063/1905 | C75: =EDATE(C74,1) -> 1886 | D75: =IF('Dados a Colocar'!$G$20="sim",'Conta-Corrente'!XFB75,'Conta-Corrente'!XFB74) -> 63.º mês de renda | E75: =IF('Dados a Colocar'!$G$20="sim",'Conta-Corrente'!XFC75,'Conta-Corrente'!XFC74) -> Fevereiro de 1905 | F75: =IF('Dados a Colocar'!$G$20="sim",'Conta-Corrente'!XFD75,'Conta-Corrente'!XFD74) -> 0 | J75: =G75 -> 0 | K75: =I75 -> 0 | L75: =YEAR(H75) -> 1900 | XFB75: 64.º mês de renda | XFC75: =IFERROR(VLOOKUP(MONTH(C75)+1,Recibo!$IW$11:$IX$22,2,FALSE)&" de "&YEAR(C75),VLOOKUP(MONTH(C75)-11,Recibo!$IW$11:$IX$22,2,FALSE)&" de "&(YEAR(C75)+1)) -> Março de 1905 | XFD75: =ROUND('Dados a Colocar'!$F$16+'Dados a Colocar'!$F$16*('Dados a Colocar'!$J$22+'Dados a Colocar'!$K$22+'Dados a Colocar'!$L$22+'Dados a Colocar'!$M$22+'Dados a Colocar'!$N$22),2) -> 0
A76: =YEAR(C76) -> 1905 | B76: ="064/"&YEAR(C76) -> 064/1905 | C76: =EDATE(C75,1) -> 1914 | D76: =IF('Dados a Colocar'!$G$20="sim",'Conta-Corrente'!XFB76,'Conta-Corrente'!XFB75) -> 64.º mês de renda | E76: =IF('Dados a Colocar'!$G$20="sim",'Conta-Corrente'!XFC76,'Conta-Corrente'!XFC75) -> Março de 1905 | F76: =IF('Dados a Colocar'!$G$20="sim",'Conta-Corrente'!XFD76,'Conta-Corrente'!XFD75) -> 0 | J76: =G76 -> 0 | K76: =I76 -> 0 | L76: =YEAR(H76) -> 1900 | XFB76: 65.º mês de renda | XFC76: =IFERROR(VLOOKUP(MONTH(C76)+1,Recibo!$IW$11:$IX$22,2,FALSE)&" de "&YEAR(C76),VLOOKUP(MONTH(C76)-11,Recibo!$IW$11:$IX$22,2,FALSE)&" de "&(YEAR(C76)+1)) -> Abril de 1905 | XFD76: =ROUND('Dados a Colocar'!$F$16+'Dados a Colocar'!$F$16*('Dados a Colocar'!$J$22+'Dados a Colocar'!$K$22+'Dados a Colocar'!$L$22+'Dados a Colocar'!$M$22+'Dados a Colocar'!$N$22),2) -> 0
A77: =YEAR(C77) -> 1905 | B77: ="065/"&YEAR(C77) -> 065/1905 | C77: =EDATE(C76,1) -> 1945 | D77: =IF('Dados a Colocar'!$G$20="sim",'Conta-Corrente'!XFB77,'Conta-Corrente'!XFB76) -> 65.º mês de renda | E77: =IF('Dados a Colocar'!$G$20="sim",'Conta-Corrente'!XFC77,'Conta-Corrente'!XFC76) -> Abril de 1905 | F77: =IF('Dados a Colocar'!$G$20="sim",'Conta-Corrente'!XFD77,'Conta-Corrente'!XFD76) -> 0 | J77: =G77 -> 0 | K77: =I77 -> 0 | L77: =YEAR(H77) -> 1900 | XFB77: 66.º mês de renda | XFC77: =IFERROR(VLOOKUP(MONTH(C77)+1,Recibo!$IW$11:$IX$22,2,FALSE)&" de "&YEAR(C77),VLOOKUP(MONTH(C77)-11,Recibo!$IW$11:$IX$22,2,FALSE)&" de "&(YEAR(C77)+1)) -> Maio de 1905 | XFD77: =ROUND('Dados a Colocar'!$F$16+'Dados a Colocar'!$F$16*('Dados a Colocar'!$J$22+'Dados a Colocar'!$K$22+'Dados a Colocar'!$L$22+'Dados a Colocar'!$M$22+'Dados a Colocar'!$N$22),2) -> 0
A78: =YEAR(C78) -> 1905 | B78: ="066/"&YEAR(C78) -> 066/1905 | C78: =EDATE(C77,1) -> 1975 | D78: =IF('Dados a Colocar'!$G$20="sim",'Conta-Corrente'!XFB78,'Conta-Corrente'!XFB77) -> 66.º mês de renda | E78: =IF('Dados a Colocar'!$G$20="sim",'Conta-Corrente'!XFC78,'Conta-Corrente'!XFC77) -> Maio de 1905 | F78: =IF('Dados a Colocar'!$G$20="sim",'Conta-Corrente'!XFD78,'Conta-Corrente'!XFD77) -> 0 | J78: =G78 -> 0 | K78: =I78 -> 0 | L78: =YEAR(H78) -> 1900 | XFB78: 67.º mês de renda | XFC78: =IFERROR(VLOOKUP(MONTH(C78)+1,Recibo!$IW$11:$IX$22,2,FALSE)&" de "&YEAR(C78),VLOOKUP(MONTH(C78)-11,Recibo!$IW$11:$IX$22,2,FALSE)&" de "&(YEAR(C78)+1)) -> Junho de 1905 | XFD78: =ROUND('Dados a Colocar'!$F$16+'Dados a Colocar'!$F$16*('Dados a Colocar'!$J$22+'Dados a Colocar'!$K$22+'Dados a Colocar'!$L$22+'Dados a Colocar'!$M$22+'Dados a Colocar'!$N$22),2) -> 0
A79: =YEAR(C79) -> 1905 | B79: ="067/"&YEAR(C79) -> 067/1905 | C79: =EDATE(C78,1) -> 2006 | D79: =IF('Dados a Colocar'!$G$20="sim",'Conta-Corrente'!XFB79,'Conta-Corrente'!XFB78) -> 67.º mês de renda | E79: =IF('Dados a Colocar'!$G$20="sim",'Conta-Corrente'!XFC79,'Conta-Corrente'!XFC78) -> Junho de 1905 | F79: =IF('Dados a Colocar'!$G$20="sim",'Conta-Corrente'!XFD79,'Conta-Corrente'!XFD78) -> 0 | J79: =G79 -> 0 | K79: =I79 -> 0 | L79: =YEAR(H79) -> 1900 | XFB79: 68.º mês de renda | XFC79: =IFERROR(VLOOKUP(MONTH(C79)+1,Recibo!$IW$11:$IX$22,2,FALSE)&" de "&YEAR(C79),VLOOKUP(MONTH(C79)-11,Recibo!$IW$11:$IX$22,2,FALSE)&" de "&(YEAR(C79)+1)) -> Julho de 1905 | XFD79: =ROUND('Dados a Colocar'!$F$16+'Dados a Colocar'!$F$16*('Dados a Colocar'!$J$22+'Dados a Colocar'!$K$22+'Dados a Colocar'!$L$22+'Dados a Colocar'!$M$22+'Dados a Colocar'!$N$22),2) -> 0
A80: =YEAR(C80) -> 1905 | B80: ="068/"&YEAR(C80) -> 068/1905 | C80: =EDATE(C79,1) -> 2036 | D80: =IF('Dados a Colocar'!$G$20="sim",'Conta-Corrente'!XFB80,'Conta-Corrente'!XFB79) -> 68.º mês de renda | E80: =IF('Dados a Colocar'!$G$20="sim",'Conta-Corrente'!XFC80,'Conta-Corrente'!XFC79) -> Julho de 1905 | F80: =IF('Dados a Colocar'!$G$20="sim",'Conta-Corrente'!XFD80,'Conta-Corrente'!XFD79) -> 0 | J80: =G80 -> 0 | K80: =I80 -> 0 | L80: =YEAR(H80) -> 1900 | XFB80: 69.º mês de renda | XFC80: =IFERROR(VLOOKUP(MONTH(C80)+1,Recibo!$IW$11:$IX$22,2,FALSE)&" de "&YEAR(C80),VLOOKUP(MONTH(C80)-11,Recibo!$IW$11:$IX$22,2,FALSE)&" de "&(YEAR(C80)+1)) -> Agosto de 1905 | XFD80: =ROUND('Dados a Colocar'!$F$16+'Dados a Colocar'!$F$16*('Dados a Colocar'!$J$22+'Dados a Colocar'!$K$22+'Dados a Colocar'!$L$22+'Dados a Colocar'!$M$22+'Dados a Colocar'!$N$22),2) -> 0
A81: =YEAR(C81) -> 1905 | B81: ="069/"&YEAR(C81) -> 069/1905 | C81: =EDATE(C80,1) -> 2067 | D81: =IF('Dados a Colocar'!$G$20="sim",'Conta-Corrente'!XFB81,'Conta-Corrente'!XFB80) -> 69.º mês de renda | E81: =IF('Dados a Colocar'!$G$20="sim",'Conta-Corrente'!XFC81,'Conta-Corrente'!XFC80) -> Agosto de 1905 | F81: =IF('Dados a Colocar'!$G$20="sim",'Conta-Corrente'!XFD81,'Conta-Corrente'!XFD80) -> 0 | J81: =G81 -> 0 | K81: =I81 -> 0 | L81: =YEAR(H81) -> 1900 | XFB81: 70.º mês de renda | XFC81: =IFERROR(VLOOKUP(MONTH(C81)+1,Recibo!$IW$11:$IX$22,2,FALSE)&" de "&YEAR(C81),VLOOKUP(MONTH(C81)-11,Recibo!$IW$11:$IX$22,2,FALSE)&" de "&(YEAR(C81)+1)) -> Setembro de 1905 | XFD81: =ROUND('Dados a Colocar'!$F$16+'Dados a Colocar'!$F$16*('Dados a Colocar'!$J$22+'Dados a Colocar'!$K$22+'Dados a Colocar'!$L$22+'Dados a Colocar'!$M$22+'Dados a Colocar'!$N$22),2) -> 0
A82: =YEAR(C82) -> 1905 | B82: ="070/"&YEAR(C82) -> 070/1905 | C82: =EDATE(C81,1) -> 2098 | D82: =IF('Dados a Colocar'!$G$20="sim",'Conta-Corrente'!XFB82,'Conta-Corrente'!XFB81) -> 70.º mês de renda | E82: =IF('Dados a Colocar'!$G$20="sim",'Conta-Corrente'!XFC82,'Conta-Corrente'!XFC81) -> Setembro de 1905 | F82: =IF('Dados a Colocar'!$G$20="sim",'Conta-Corrente'!XFD82,'Conta-Corrente'!XFD81) -> 0 | J82: =G82 -> 0 | K82: =I82 -> 0 | L82: =YEAR(H82) -> 1900 | XFB82: 71.º mês de renda | XFC82: =IFERROR(VLOOKUP(MONTH(C82)+1,Recibo!$IW$11:$IX$22,2,FALSE)&" de "&YEAR(C82),VLOOKUP(MONTH(C82)-11,Recibo!$IW$11:$IX$22,2,FALSE)&" de "&(YEAR(C82)+1)) -> Outubro de 1905 | XFD82: =ROUND('Dados a Colocar'!$F$16+'Dados a Colocar'!$F$16*('Dados a Colocar'!$J$22+'Dados a Colocar'!$K$22+'Dados a Colocar'!$L$22+'Dados a Colocar'!$M$22+'Dados a Colocar'!$N$22),2) -> 0
A83: =YEAR(C83) -> 1905 | B83: ="071/"&YEAR(C83) -> 071/1905 | C83: =EDATE(C82,1) -> 2128 | D83: =IF('Dados a Colocar'!$G$20="sim",'Conta-Corrente'!XFB83,'Conta-Corrente'!XFB82) -> 71.º mês de renda | E83: =IF('Dados a Colocar'!$G$20="sim",'Conta-Corrente'!XFC83,'Conta-Corrente'!XFC82) -> Outubro de 1905 | F83: =IF('Dados a Colocar'!$G$20="sim",'Conta-Corrente'!XFD83,'Conta-Corrente'!XFD82) -> 0 | J83: =G83 -> 0 | K83: =I83 -> 0 | L83: =YEAR(H83) -> 1900 | XFB83: 72.º mês de renda | XFC83: =IFERROR(VLOOKUP(MONTH(C83)+1,Recibo!$IW$11:$IX$22,2,FALSE)&" de "&YEAR(C83),VLOOKUP(MONTH(C83)-11,Recibo!$IW$11:$IX$22,2,FALSE)&" de "&(YEAR(C83)+1)) -> Novembro de 1905 | XFD83: =ROUND('Dados a Colocar'!$F$16+'Dados a Colocar'!$F$16*('Dados a Colocar'!$J$22+'Dados a Colocar'!$K$22+'Dados a Colocar'!$L$22+'Dados a Colocar'!$M$22+'Dados a Colocar'!$N$22),2) -> 0
E84: Total | F84: =SUBTOTAL(109,F11:F83) -> 0

Sheet Declaração para IRS
M1: Desenvolvido por:
C2: DIRECÇÃO GERAL DAS CONTRIBUIÇÕES E IMPOSTOS | M2: http://mariaproiete.com
C3: RETENÇÃO NA FONTE - Nota dos rendimentos devidos e da importância retida
C4: (Alinea b do n.º1 do Art.º 119 do CIRS e Art.º 120 do CIRC)
C7: 1 - ANO A QUE OS RENDIMENTOS DIZEM RESPEITO
C9: Referentes ao ano: | D9: ='Conta-Corrente'!C4 -> 2010
C12: 2 - IDENTIFICAÇÃO DA ENTIDADE PAGADORA
C14: Nome: | D14: =IF('Dados a Colocar'!D56="","",'Dados a Colocar'!D56)
C15: Morada: | D15: =IF('Dados a Colocar'!D58="","",'Dados a Colocar'!D58)
C16: Código Postal: | D16: =IF('Dados a Colocar'!F62="","",'Dados a Colocar'!F62) | E16: =IF('Dados a Colocar'!E60="","",'Dados a Colocar'!E60)
C17: NIF: | D17: =IF('Dados a Colocar'!F64="","",'Dados a Colocar'!F64)
C20: 3 - IDENTIFICAÇÃO DO TITULAR DOS RENDIMENTOS
C22: Nome: | D22: =IF('Dados a Colocar'!D28="","",'Dados a Colocar'!D28)
C23: Morada: | D23: =IF('Dados a Colocar'!D30="","",'Dados a Colocar'!D30)
C24: Código Postal: | D24: =IF('Dados a Colocar'!F34="","",'Dados a Colocar'!F34) | E24: =IF('Dados a Colocar'!E32="","",'Dados a Colocar'!E32)
C25: NIF: | D25: =IF('Dados a Colocar'!F36="","",'Dados a Colocar'!F36)
C28: 4 - IMPORTÂNCIAS DEVIDAS E IMPOSTO RETIDO
C30: Rendimento Tipo: | D30: =IF('Dados a Colocar'!B26="X","IRS Prediais",IF('Dados a Colocar'!G26="X","IRS Prediais","Nota: Tem que escolher na folha Dados a Colocar se o senhorio é particular ou uma empresa")) -> Nota: Tem que escolher na folha Dados a Colocar se o senhorio é particular ou uma empresa
D32: Total dos rendimentos prediais brutos: | I32: ='Conta-Corrente'!F8 -> 0
D34: Redimentos Sujeitos a Retenção na Fonte: | I34: =IF(AND('Dados a Colocar'!B26="X",'Dados a Colocar'!N26="sim"),0,I32) -> 0
D36: Importância Retida: | H36: ='Dados a Colocar'!J68 -> 0 | I36: =IF(AND('Dados a Colocar'!B26="X",'Dados a Colocar'!N26="sim"),0,I34*'Dados a Colocar'!J68) -> 0
D38: Rendimentos Líquidos: | I38: =I32-I36 -> 0
C44: ='Dados a Colocar'!E6&" , 20 de Janeiro de "&('Conta-Corrente'!C4+1) -> , 20 de Janeiro de 2011
C49: (Assinatura do Senhorio)

Sheet Contabilização
N1: Desenvolvido por:
B2: ="Receitas e Gastos do Senhorio "&'Dados a Colocar'!D28 -> Receitas e Gastos do Senhorio | N2: http://mariaproiete.com
B4: Propriedade: | C4: =IF('Dados a Colocar'!D4="","",'Dados a Colocar'!D4&" - "&'Dados a Colocar'!E6) | G4: Ano: | H4: 2010 | K4: ACRESCENTE OS DADOS QUE ACHAR NECESSÁRIOS NAS TABELAS:
K6: Análise geral por Tipo de Receita e Gasto
B7: Data | C7: Descrição | D7: Período | E7: Tipo de Receita/ Gasto | F7: Valor | G7: Saldo | H7: Previsão para Encargos | I7: Observações | K7: Tipo Receita/ Gasto | L7: Total Acumulado | M7: Total do Ano Seleccionado (H4)
A8: =YEAR(Tabela3[[#This Row],[Data]]) -> 1900 | E8: =IF(Tabela3[[#This Row],[Descrição]]="","",VLOOKUP(Tabela3[[#This Row],[Descrição]],Tabela4[[Descrição]:[Tipo Receita/ Gasto]],2,FALSE)) | G8: =F8 -> 0 | K8: Encargo Futuro | L8: =SUMIF($E$8:$E$1000,Tabela6[[#This Row],[Tipo Receita/ Gasto]],$F$8:$F$1000) -> 0 | M8: =SUMIFS($F$8:$F$1000,$A$8:$A$1000,$H$4,$E$8:$E$1000,Tabela6[[#This Row],[Tipo Receita/ Gasto]]) -> 0
A9: =YEAR(Tabela3[[#This Row],[Data]]) -> 1900 | E9: =IF(Tabela3[[#This Row],[Descrição]]="","",VLOOKUP(Tabela3[[#This Row],[Descrição]],Tabela4[[Descrição]:[Tipo Receita/ Gasto]],2,FALSE)) | G9: =IF(Tabela3[[#This Row],[Valor]]="","",G8+F9) | K9: Receita Corrente | L9: =SUMIF($E$8:$E$1000,Tabela6[[#This Row],[Tipo Receita/ Gasto]],$F$8:$F$1000) -> 0 | M9: =SUMIFS($F$8:$F$1000,$A$8:$A$1000,$H$4,$E$8:$E$1000,Tabela6[[#This Row],[Tipo Receita/ Gasto]]) -> 0
A10: =YEAR(Tabela3[[#This Row],[Data]]) -> 1900 | E10: =IF(Tabela3[[#This Row],[Descrição]]="","",VLOOKUP(Tabela3[[#This Row],[Descrição]],Tabela4[[Descrição]:[Tipo Receita/ Gasto]],2,FALSE)) | G10: =IF(Tabela3[[#This Row],[Valor]]="","",G9+F10) | K10: Receita Extraordinária | L10: =SUMIF($E$8:$E$1000,Tabela6[[#This Row],[Tipo Receita/ Gasto]],$F$8:$F$1000) -> 0 | M10: =SUMIFS($F$8:$F$1000,$A$8:$A$1000,$H$4,$E$8:$E$1000,Tabela6[[#This Row],[Tipo Receita/ Gasto]]) -> 0
A11: =YEAR(Tabela3[[#This Row],[Data]]) -> 1900 | E11: =IF(Tabela3[[#This Row],[Descrição]]="","",VLOOKUP(Tabela3[[#This Row],[Descrição]],Tabela4[[Descrição]:[Tipo Receita/ Gasto]],2,FALSE)) | G11: =IF(Tabela3[[#This Row],[Valor]]="","",G10+F11) | K11: Gastos Correntes | L11: =SUMIF($E$8:$E$1000,Tabela6[[#This Row],[Tipo Receita/ Gasto]],$F$8:$F$1000) -> 0 | M11: =SUMIFS($F$8:$F$1000,$A$8:$A$1000,$H$4,$E$8:$E$1000,Tabela6[[#This Row],[Tipo Receita/ Gasto]]) -> 0
A12: =YEAR(Tabela3[[#This Row],[Data]]) -> 1900 | E12: =IF(Tabela3[[#This Row],[Descrição]]="","",VLOOKUP(Tabela3[[#This Row],[Descrição]],Tabela4[[Descrição]:[Tipo Receita/ Gasto]],2,FALSE)) | G12: =IF(Tabela3[[#This Row],[Valor]]="","",G11+F12) | K12: Gastos com Impostos | L12: =SUMIF($E$8:$E$1000,Tabela6[[#This Row],[Tipo Receita/ Gasto]],$F$8:$F$1000) -> 0 | M12: =SUMIFS($F$8:$F$1000,$A$8:$A$1000,$H$4,$E$8:$E$1000,Tabela6[[#This Row],[Tipo Receita/ Gasto]]) -> 0
A13: =YEAR(Tabela3[[#This Row],[Data]]) -> 1900 | E13: =IF(Tabela3[[#This Row],[Descrição]]="","",VLOOKUP(Tabela3[[#This Row],[Descrição]],Tabela4[[Descrição]:[Tipo Receita/ Gasto]],2,FALSE)) | G13: =IF(Tabela3[[#This Row],[Valor]]="","",G12+F13) | K13: Gastos em Reparações | L13: =SUMIF($E$8:$E$1000,Tabela6[[#This Row],[Tipo Receita/ Gasto]],$F$8:$F$1000) -> 0 | M13: =SUMIFS($F$8:$F$1000,$A$8:$A$1000,$H$4,$E$8:$E$1000,Tabela6[[#This Row],[Tipo Receita/ Gasto]]) -> 0
A14: =YEAR(Tabela3[[#This Row],[Data]]) -> 1900 | E14: =IF(Tabela3[[#This Row],[Descrição]]="","",VLOOKUP(Tabela3[[#This Row],[Descrição]],Tabela4[[Descrição]:[Tipo Receita/ Gasto]],2,FALSE)) | G14: =IF(Tabela3[[#This Row],[Valor]]="","",G13+F14) | K14: Gasto Extraordinário | L14: =SUMIF($E$8:$E$1000,Tabela6[[#This Row],[Tipo Receita/ Gasto]],$F$8:$F$1000) -> 0 | M14: =SUMIFS($F$8:$F$1000,$A$8:$A$1000,$H$4,$E$8:$E$1000,Tabela6[[#This Row],[Tipo Receita/ Gasto]]) -> 0
A15: =YEAR(Tabela3[[#This Row],[Data]]) -> 1900 | E15: =IF(Tabela3[[#This Row],[Descrição]]="","",VLOOKUP(Tabela3[[#This Row],[Descrição]],Tabela4[[Descrição]:[Tipo Receita/ Gasto]],2,FALSE)) | G15: =IF(Tabela3[[#This Row],[Valor]]="","",G14+F15) | L15: =SUMIF($E$8:$E$1000,Tabela6[[#This Row],[Tipo Receita/ Gasto]],$F$8:$F$1000) -> 0 | M15: =SUMIFS($F$8:$F$1000,$A$8:$A$1000,$H$4,$E$8:$E$1000,Tabela6[[#This Row],[Tipo Receita/ Gasto]]) -> 0
A16: =YEAR(Tabela3[[#This Row],[Data]]) -> 1900 | E16: =IF(Tabela3[[#This Row],[Descrição]]="","",VLOOKUP(Tabela3[[#This Row],[Descrição]],Tabela4[[Descrição]:[Tipo Receita/ Gasto]],2,FALSE)) | G16: =IF(Tabela3[[#This Row],[Valor]]="","",G15+F16) | L16: =SUMIF($E$8:$E$1000,Tabela6[[#This Row],[Tipo Receita/ Gasto]],$F$8:$F$1000) -> 0 | M16: =SUMIFS($F$8:$F$1000,$A$8:$A$1000,$H$4,$E$8:$E$1000,Tabela6[[#This Row],[Tipo Receita/ Gasto]]) -> 0
A17: =YEAR(Tabela3[[#This Row],[Data]]) -> 1900 | E17: =IF(Tabela3[[#This Row],[Descrição]]="","",VLOOKUP(Tabela3[[#This Row],[Descrição]],Tabela4[[Descrição]:[Tipo Receita/ Gasto]],2,FALSE)) | G17: =IF(Tabela3[[#This Row],[Valor]]="","",G16+F17) | L17: =SUMIF($E$8:$E$1000,Tabela6[[#This Row],[Tipo Receita/ Gasto]],$F$8:$F$1000) -> 0 | M17: =SUMIFS($F$8:$F$1000,$A$8:$A$1000,$H$4,$E$8:$E$1000,Tabela6[[#This Row],[Tipo Receita/ Gasto]]) -> 0
A18: =YEAR(Tabela3[[#This Row],[Data]]) -> 1900 | E18: =IF(Tabela3[[#This Row],[Descrição]]="","",VLOOKUP(Tabela3[[#This Row],[Descrição]],Tabela4[[Descrição]:[Tipo Receita/ Gasto]],2,FALSE)) | G18: =IF(Tabela3[[#This Row],[Valor]]="","",G17+F18) | L18: =SUMIF($E$8:$E$1000,Tabela6[[#This Row],[Tipo Receita/ Gasto]],$F$8:$F$1000) -> 0 | M18: =SUMIFS($F$8:$F$1000,$A$8:$A$1000,$H$4,$E$8:$E$1000,Tabela6[[#This Row],[Tipo Receita/ Gasto]]) -> 0
A19: =YEAR(Tabela3[[#This Row],[Data]]) -> 1900 | E19: =IF(Tabela3[[#This Row],[Descrição]]="","",VLOOKUP(Tabela3[[#This Row],[Descrição]],Tabela4[[Descrição]:[Tipo Receita/ Gasto]],2,FALSE)) | G19: =IF(Tabela3[[#This Row],[Valor]]="","",G18+F19) | L19: =SUMIF($E$8:$E$1000,Tabela6[[#This Row],[Tipo Receita/ Gasto]],$F$8:$F$1000) -> 0 | M19: =SUMIFS($F$8:$F$1000,$A$8:$A$1000,$H$4,$E$8:$E$1000,Tabela6[[#This Row],[Tipo Receita/ Gasto]]) -> 0
A20: =YEAR(Tabela3[[#This Row],[Data]]) -> 1900 | E20: =IF(Tabela3[[#This Row],[Descrição]]="","",VLOOKUP(Tabela3[[#This Row],[Descrição]],Tabela4[[Descrição]:[Tipo Receita/ Gasto]],2,FALSE)) | G20: =IF(Tabela3[[#This Row],[Valor]]="","",G19+F20) | K20: Total | L20: =SUBTOTAL(109,Tabela6[Total Acumulado]) -> 0 | M20: =SUBTOTAL(109,Tabela6[Total do Ano Seleccionado (H4)]) -> 0
A21: =YEAR(Tabela3[[#This Row],[Data]]) -> 1900 | E21: =IF(Tabela3[[#This Row],[Descrição]]="","",VLOOKUP(Tabela3[[#This Row],[Descrição]],Tabela4[[Descrição]:[Tipo Receita/ Gasto]],2,FALSE)) | G21: =IF(Tabela3[[#This Row],[Valor]]="","",G20+F21)
A22: =YEAR(Tabela3[[#This Row],[Data]]) -> 1900 | E22: =IF(Tabela3[[#This Row],[Descrição]]="","",VLOOKUP(Tabela3[[#This Row],[Descrição]],Tabela4[[Descrição]:[Tipo Receita/ Gasto]],2,FALSE)) | G22: =IF(Tabela3[[#This Row],[Valor]]="","",G21+F22) | K22: Análise detalheda por Tipo de Descrição de Receita e Gasto
A23: =YEAR(Tabela3[[#This Row],[Data]]) -> 1900 | E23: =IF(Tabela3[[#This Row],[Descrição]]="","",VLOOKUP(Tabela3[[#This Row],[Descrição]],Tabela4[[Descrição]:[Tipo Receita/ Gasto]],2,FALSE)) | G23: =IF(Tabela3[[#This Row],[Valor]]="","",G22+F23) | K23: Descrição | L23: Tipo Receita/ Gasto | M23: Total Acumulado | N23: Ano Seleccionado (H4)
A24: =YEAR(Tabela3[[#This Row],[Data]]) -> 1900 | E24: =IF(Tabela3[[#This Row],[Descrição]]="","",VLOOKUP(Tabela3[[#This Row],[Descrição]],Tabela4[[Descrição]:[Tipo Receita/ Gasto]],2,FALSE)) | G24: =IF(Tabela3[[#This Row],[Valor]]="","",G23+F24) | K24: Caução | L24: Encargo Futuro | M24: =SUMIF($C$8:$C$1000,Tabela4[[#This Row],[Descrição]],$F$8:$F$1000) -> 0 | N24: =SUMIFS($F$8:$F$1000,$A$8:$A$1000,$H$4,$C$8:$C$1000,Tabela4[[#This Row],[Descrição]]) -> 0
A25: =YEAR(Tabela3[[#This Row],[Data]]) -> 1900 | E25: =IF(Tabela3[[#This Row],[Descrição]]="","",VLOOKUP(Tabela3[[#This Row],[Descrição]],Tabela4[[Descrição]:[Tipo Receita/ Gasto]],2,FALSE)) | G25: =IF(Tabela3[[#This Row],[Valor]]="","",G24+F25) | K25: Renda | L25: Receita Corrente | M25: =SUMIF($C$8:$C$1000,Tabela4[[#This Row],[Descrição]],$F$8:$F$1000) -> 0 | N25: =SUMIFS($F$8:$F$1000,$A$8:$A$1000,$H$4,$C$8:$C$1000,Tabela4[[#This Row],[Descrição]]) -> 0
A26: =YEAR(Tabela3[[#This Row],[Data]]) -> 1900 | E26: =IF(Tabela3[[#This Row],[Descrição]]="","",VLOOKUP(Tabela3[[#This Row],[Descrição]],Tabela4[[Descrição]:[Tipo Receita/ Gasto]],2,FALSE)) | G26: =IF(Tabela3[[#This Row],[Valor]]="","",G25+F26) | K26: Juros de Mora na Renda | L26: Receita Extraordinária | M26: =SUMIF($C$8:$C$1000,Tabela4[[#This Row],[Descrição]],$F$8:$F$1000) -> 0 | N26: =SUMIFS($F$8:$F$1000,$A$8:$A$1000,$H$4,$C$8:$C$1000,Tabela4[[#This Row],[Descrição]]) -> 0
A27: =YEAR(Tabela3[[#This Row],[Data]]) -> 1900 | E27: =IF(Tabela3[[#This Row],[Descrição]]="","",VLOOKUP(Tabela3[[#This Row],[Descrição]],Tabela4[[Descrição]:[Tipo Receita/ Gasto]],2,FALSE)) | G27: =IF(Tabela3[[#This Row],[Valor]]="","",G26+F27) | K27: Indeminização ao Senhorio | L27: Receita Extraordinária | M27: =SUMIF($C$8:$C$1000,Tabela4[[#This Row],[Descrição]],$F$8:$F$1000) -> 0 | N27: =SUMIFS($F$8:$F$1000,$A$8:$A$1000,$H$4,$C$8:$C$1000,Tabela4[[#This Row],[Descrição]]) -> 0
A28: =YEAR(Tabela3[[#This Row],[Data]]) -> 1900 | E28: =IF(Tabela3[[#This Row],[Descrição]]="","",VLOOKUP(Tabela3[[#This Row],[Descrição]],Tabela4[[Descrição]:[Tipo Receita/ Gasto]],2,FALSE)) | G28: =IF(Tabela3[[#This Row],[Valor]]="","",G27+F28) | K28: Prestação do Empréstimo ao Banco | L28: Gastos Correntes | M28: =SUMIF($C$8:$C$1000,Tabela4[[#This Row],[Descrição]],$F$8:$F$1000) -> 0 | N28: =SUMIFS($F$8:$F$1000,$A$8:$A$1000,$H$4,$C$8:$C$1000,Tabela4[[#This Row],[Descrição]]) -> 0
A29: =YEAR(Tabela3[[#This Row],[Data]]) -> 1900 | E29: =IF(Tabela3[[#This Row],[Descrição]]="","",VLOOKUP(Tabela3[[#This Row],[Descrição]],Tabela4[[Descrição]:[Tipo Receita/ Gasto]],2,FALSE)) | G29: =IF(Tabela3[[#This Row],[Valor]]="","",G28+F29) | K29: Pagamento do Condomínio | L29: Gastos Correntes | M29: =SUMIF($C$8:$C$1000,Tabela4[[#This Row],[Descrição]],$F$8:$F$1000) -> 0 | N29: =SUMIFS($F$8:$F$1000,$A$8:$A$1000,$H$4,$C$8:$C$1000,Tabela4[[#This Row],[Descrição]]) -> 0
A30: =YEAR(Tabela3[[#This Row],[Data]]) -> 1900 | E30: =IF(Tabela3[[#This Row],[Descrição]]="","",VLOOKUP(Tabela3[[#This Row],[Descrição]],Tabela4[[Descrição]:[Tipo Receita/ Gasto]],2,FALSE)) | G30: =IF(Tabela3[[#This Row],[Valor]]="","",G29+F30) | K30: Pagamento do Saneamento | L30: Gastos Correntes | M30: =SUMIF($C$8:$C$1000,Tabela4[[#This Row],[Descrição]],$F$8:$F$1000) -> 0 | N30: =SUMIFS($F$8:$F$1000,$A$8:$A$1000,$H$4,$C$8:$C$1000,Tabela4[[#This Row],[Descrição]]) -> 0
A31: =YEAR(Tabela3[[#This Row],[Data]]) -> 1900 | E31: =IF(Tabela3[[#This Row],[Descrição]]="","",VLOOKUP(Tabela3[[#This Row],[Descrição]],Tabela4[[Descrição]:[Tipo Receita/ Gasto]],2,FALSE)) | G31: =IF(Tabela3[[#This Row],[Valor]]="","",G30+F31) | K31: Pagamento do Água | L31: Gastos Correntes | M31: =SUMIF($C$8:$C$1000,Tabela4[[#This Row],[Descrição]],$F$8:$F$1000) -> 0 | N31: =SUMIFS($F$8:$F$1000,$A$8:$A$1000,$H$4,$C$8:$C$1000,Tabela4[[#This Row],[Descrição]]) -> 0
A32: =YEAR(Tabela3[[#This Row],[Data]]) -> 1900 | E32: =IF(Tabela3[[#This Row],[Descrição]]="","",VLOOKUP(Tabela3[[#This Row],[Descrição]],Tabela4[[Descrição]:[Tipo Receita/ Gasto]],2,FALSE)) | G32: =IF(Tabela3[[#This Row],[Valor]]="","",G31+F32) | K32: Pagamento do Electricidade | L32: Gastos Correntes | M32: =SUMIF($C$8:$C$1000,Tabela4[[#This Row],[Descrição]],$F$8:$F$1000) -> 0 | N32: =SUMIFS($F$8:$F$1000,$A$8:$A$1000,$H$4,$C$8:$C$1000,Tabela4[[#This Row],[Descrição]]) -> 0
A33: =YEAR(Tabela3[[#This Row],[Data]]) -> 1900 | E33: =IF(Tabela3[[#This Row],[Descrição]]="","",VLOOKUP(Tabela3[[#This Row],[Descrição]],Tabela4[[Descrição]:[Tipo Receita/ Gasto]],2,FALSE)) | G33: =IF(Tabela3[[#This Row],[Valor]]="","",G32+F33) | K33: Pagamento do Gás | L33: Gastos Correntes | M33: =SUMIF($C$8:$C$1000,Tabela4[[#This Row],[Descrição]],$F$8:$F$1000) -> 0 | N33: =SUMIFS($F$8:$F$1000,$A$8:$A$1000,$H$4,$C$8:$C$1000,Tabela4[[#This Row],[Descrição]]) -> 0
A34: =YEAR(Tabela3[[#This Row],[Data]]) -> 1900 | E34: =IF(Tabela3[[#This Row],[Descrição]]="","",VLOOKUP(Tabela3[[#This Row],[Descrição]],Tabela4[[Descrição]:[Tipo Receita/ Gasto]],2,FALSE)) | G34: =IF(Tabela3[[#This Row],[Valor]]="","",G33+F34) | K34: Pagamento do Internet | L34: Gastos Correntes | M34: =SUMIF($C$8:$C$1000,Tabela4[[#This Row],[Descrição]],$F$8:$F$1000) -> 0 | N34: =SUMIFS($F$8:$F$1000,$A$8:$A$1000,$H$4,$C$8:$C$1000,Tabela4[[#This Row],[Descrição]]) -> 0
A35: =YEAR(Tabela3[[#This Row],[Data]]) -> 1900 | E35: =IF(Tabela3[[#This Row],[Descrição]]="","",VLOOKUP(Tabela3[[#This Row],[Descrição]],Tabela4[[Descrição]:[Tipo Receita/ Gasto]],2,FALSE)) | G35: =IF(Tabela3[[#This Row],[Valor]]="","",G34+F35) | K35: Pagamento de Seguros | L35: Gastos Correntes | M35: =SUMIF($C$8:$C$1000,Tabela4[[#This Row],[Descrição]],$F$8:$F$1000) -> 0 | N35: =SUMIFS($F$8:$F$1000,$A$8:$A$1000,$H$4,$C$8:$C$1000,Tabela4[[#This Row],[Descrição]]) -> 0
... A44: =YEAR(Tabela3[[#This Row],[Data]]) -> 1900 | E44: =IF(Tabela3[[#This Row],[Descrição]]="","",VLOOKUP(Tabela3[[#This Row],[Descrição]],Tabela4[[Descrição]:[Tipo Receita/ Gasto]],2,FALSE)) | G44: =IF(Tabela3[[#This Row],[Valor]]="","",G43+F44) | K44: Pagamento Comissão Imobiliária | L44: Gasto Extraordinário | M44: =SUMIF($C$8:$C$1000,Tabela4[[#This Row],[Descrição]],$F$8:$F$1000) -> 0 | N44: =SUMIFS($F$8:$F$1000,$A$8:$A$1000,$H$4,$C$8:$C$1000,Tabela4[[#This Row],[Descrição]]) -> 0
A45: =YEAR(Tabela3[[#This Row],[Data]]) -> 1900 | E45: =IF(Tabela3[[#This Row],[Descrição]]="","",VLOOKUP(Tabela3[[#This Row],[Descrição]],Tabela4[[Descrição]:[Tipo Receita/ Gasto]],2,FALSE)) | G45: =IF(Tabela3[[#This Row],[Valor]]="","",G44+F45) | M45: =SUMIF($C$8:$C$1000,Tabela4[[#This Row],[Descrição]],$F$8:$F$1000) -> 0 | N45: =SUMIFS($F$8:$F$1000,$A$8:$A$1000,$H$4,$C$8:$C$1000,Tabela4[[#This Row],[Descrição]]) -> 0
A46: =YEAR(Tabela3[[#This Row],[Data]]) -> 1900 | E46: =IF(Tabela3[[#This Row],[Descrição]]="","",VLOOKUP(Tabela3[[#This Row],[Descrição]],Tabela4[[Descrição]:[Tipo Receita/ Gasto]],2,FALSE)) | G46: =IF(Tabela3[[#This Row],[Valor]]="","",G45+F46) | M46: =SUMIF($C$8:$C$1000,Tabela4[[#This Row],[Descrição]],$F$8:$F$1000) -> 0 | N46: =SUMIFS($F$8:$F$1000,$A$8:$A$1000,$H$4,$C$8:$C$1000,Tabela4[[#This Row],[Descrição]]) -> 0
A47: =YEAR(Tabela3[[#This Row],[Data]]) -> 1900 | E47: =IF(Tabela3[[#This Row],[Descrição]]="","",VLOOKUP(Tabela3[[#This Row],[Descrição]],Tabela4[[Descrição]:[Tipo Receita/ Gasto]],2,FALSE)) | G47: =IF(Tabela3[[#This Row],[Valor]]="","",G46+F47) | M47: =SUMIF($C$8:$C$1000,Tabela4[[#This Row],[Descrição]],$F$8:$F$1000) -> 0 | N47: =SUMIFS($F$8:$F$1000,$A$8:$A$1000,$H$4,$C$8:$C$1000,Tabela4[[#This Row],[Descrição]]) -> 0
A48: =YEAR(Tabela3[[#This Row],[Data]]) -> 1900 | E48: =IF(Tabela3[[#This Row],[Descrição]]="","",VLOOKUP(Tabela3[[#This Row],[Descrição]],Tabela4[[Descrição]:[Tipo Receita/ Gasto]],2,FALSE)) | G48: =IF(Tabela3[[#This Row],[Valor]]="","",G47+F48) | M48: =SUMIF($C$8:$C$1000,Tabela4[[#This Row],[Descrição]],$F$8:$F$1000) -> 0 | N48: =SUMIFS($F$8:$F$1000,$A$8:$A$1000,$H$4,$C$8:$C$1000,Tabela4[[#This Row],[Descrição]]) -> 0
A49: =YEAR(Tabela3[[#This Row],[Data]]) -> 1900 | E49: =IF(Tabela3[[#This Row],[Descrição]]="","",VLOOKUP(Tabela3[[#This Row],[Descrição]],Tabela4[[Descrição]:[Tipo Receita/ Gasto]],2,FALSE)) | G49: =IF(Tabela3[[#This Row],[Valor]]="","",G48+F49) | M49: =SUMIF($C$8:$C$1000,Tabela4[[#This Row],[Descrição]],$F$8:$F$1000) -> 0 | N49: =SUMIFS($F$8:$F$1000,$A$8:$A$1000,$H$4,$C$8:$C$1000,Tabela4[[#This Row],[Descrição]]) -> 0
A50: =YEAR(Tabela3[[#This Row],[Data]]) -> 1900 | E50: =IF(Tabela3[[#This Row],[Descrição]]="","",VLOOKUP(Tabela3[[#This Row],[Descrição]],Tabela4[[Descrição]:[Tipo Receita/ Gasto]],2,FALSE)) | G50: =IF(Tabela3[[#This Row],[Valor]]="","",G49+F50) | M50: =SUMIF($C$8:$C$1000,Tabela4[[#This Row],[Descrição]],$F$8:$F$1000) -> 0 | N50: =SUMIFS($F$8:$F$1000,$A$8:$A$1000,$H$4,$C$8:$C$1000,Tabela4[[#This Row],[Descrição]]) -> 0
A51: =YEAR(Tabela3[[#This Row],[Data]]) -> 1900 | E51: =IF(Tabela3[[#This Row],[Descrição]]="","",VLOOKUP(Tabela3[[#This Row],[Descrição]],Tabela4[[Descrição]:[Tipo Receita/ Gasto]],2,FALSE)) | G51: =IF(Tabela3[[#This Row],[Valor]]="","",G50+F51) | M51: =SUMIF($C$8:$C$1000,Tabela4[[#This Row],[Descrição]],$F$8:$F$1000) -> 0 | N51: =SUMIFS($F$8:$F$1000,$A$8:$A$1000,$H$4,$C$8:$C$1000,Tabela4[[#This Row],[Descrição]]) -> 0
A52: =YEAR(Tabela3[[#This Row],[Data]]) -> 1900 | E52: =IF(Tabela3[[#This Row],[Descrição]]="","",VLOOKUP(Tabela3[[#This Row],[Descrição]],Tabela4[[Descrição]:[Tipo Receita/ Gasto]],2,FALSE)) | G52: =IF(Tabela3[[#This Row],[Valor]]="","",G51+F52) | M52: =SUMIF($C$8:$C$1000,Tabela4[[#This Row],[Descrição]],$F$8:$F$1000) -> 0 | N52: =SUMIFS($F$8:$F$1000,$A$8:$A$1000,$H$4,$C$8:$C$1000,Tabela4[[#This Row],[Descrição]]) -> 0
A53: =YEAR(Tabela3[[#This Row],[Data]]) -> 1900 | E53: =IF(Tabela3[[#This Row],[Descrição]]="","",VLOOKUP(Tabela3[[#This Row],[Descrição]],Tabela4[[Descrição]:[Tipo Receita/ Gasto]],2,FALSE)) | G53: =IF(Tabela3[[#This Row],[Valor]]="","",G52+F53) | M53: =SUMIF($C$8:$C$1000,Tabela4[[#This Row],[Descrição]],$F$8:$F$1000) -> 0 | N53: =SUMIFS($F$8:$F$1000,$A$8:$A$1000,$H$4,$C$8:$C$1000,Tabela4[[#This Row],[Descrição]]) -> 0
A54: =YEAR(Tabela3[[#This Row],[Data]]) -> 1900 | E54: =IF(Tabela3[[#This Row],[Descrição]]="","",VLOOKUP(Tabela3[[#This Row],[Descrição]],Tabela4[[Descrição]:[Tipo Receita/ Gasto]],2,FALSE)) | G54: =IF(Tabela3[[#This Row],[Valor]]="","",G53+F54) | M54: =SUMIF($C$8:$C$1000,Tabela4[[#This Row],[Descrição]],$F$8:$F$1000) -> 0 | N54: =SUMIFS($F$8:$F$1000,$A$8:$A$1000,$H$4,$C$8:$C$1000,Tabela4[[#This Row],[Descrição]]) -> 0
A55: =YEAR(Tabela3[[#This Row],[Data]]) -> 1900 | E55: =IF(Tabela3[[#This Row],[Descrição]]="","",VLOOKUP(Tabela3[[#This Row],[Descrição]],Tabela4[[Descrição]:[Tipo Receita/ Gasto]],2,FALSE)) | G55: =IF(Tabela3[[#This Row],[Valor]]="","",G54+F55) | M55: =SUMIF($C$8:$C$1000,Tabela4[[#This Row],[Descrição]],$F$8:$F$1000) -> 0 | N55: =SUMIFS($F$8:$F$1000,$A$8:$A$1000,$H$4,$C$8:$C$1000,Tabela4[[#This Row],[Descrição]]) -> 0
A56: =YEAR(Tabela3[[#This Row],[Data]]) -> 1900 | E56: =IF(Tabela3[[#This Row],[Descrição]]="","",VLOOKUP(Tabela3[[#This Row],[Descrição]],Tabela4[[Descrição]:[Tipo Receita/ Gasto]],2,FALSE)) | G56: =IF(Tabela3[[#This Row],[Valor]]="","",G55+F56) | M56: =SUMIF($C$8:$C$1000,Tabela4[[#This Row],[Descrição]],$F$8:$F$1000) -> 0 | N56: =SUMIFS($F$8:$F$1000,$A$8:$A$1000,$H$4,$C$8:$C$1000,Tabela4[[#This Row],[Descrição]]) -> 0
... A70: =YEAR(Tabela3[[#This Row],[Data]]) -> 1900 | E70: =IF(Tabela3[[#This Row],[Descrição]]="","",VLOOKUP(Tabela3[[#This Row],[Descrição]],Tabela4[[Descrição]:[Tipo Receita/ Gasto]],2,FALSE)) | G70: =IF(Tabela3[[#This Row],[Valor]]="","",G69+F70) | M70: =SUMIF($C$8:$C$1000,Tabela4[[#This Row],[Descrição]],$F$8:$F$1000) -> 0 | N70: =SUMIFS($F$8:$F$1000,$A$8:$A$1000,$H$4,$C$8:$C$1000,Tabela4[[#This Row],[Descrição]]) -> 0
A71: =YEAR(Tabela3[[#This Row],[Data]]) -> 1900 | E71: =IF(Tabela3[[#This Row],[Descrição]]="","",VLOOKUP(Tabela3[[#This Row],[Descrição]],Tabela4[[Descrição]:[Tipo Receita/ Gasto]],2,FALSE)) | G71: =IF(Tabela3[[#This Row],[Valor]]="","",G70+F71) | K71: Total | M71: =SUBTOTAL(109,Tabela4[Total Acumulado]) -> 0 | N71: =SUBTOTAL(109,Tabela4[Ano Seleccionado (H4)]) -> 0
A72: =YEAR(Tabela3[[#This Row],[Data]]) -> 1900 | E72: =IF(Tabela3[[#This Row],[Descrição]]="","",VLOOKUP(Tabela3[[#This Row],[Descrição]],Tabela4[[Descrição]:[Tipo Receita/ Gasto]],2,FALSE)) | G72: =IF(Tabela3[[#This Row],[Valor]]="","",G71+F72)
A73: =YEAR(Tabela3[[#This Row],[Data]]) -> 1900 | E73: =IF(Tabela3[[#This Row],[Descrição]]="","",VLOOKUP(Tabela3[[#This Row],[Descrição]],Tabela4[[Descrição]:[Tipo Receita/ Gasto]],2,FALSE)) | G73: =IF(Tabela3[[#This Row],[Valor]]="","",G72+F73) | K73: Inserir ou alterar períodos:
A74: =YEAR(Tabela3[[#This Row],[Data]]) -> 1900 | E74: =IF(Tabela3[[#This Row],[Descrição]]="","",VLOOKUP(Tabela3[[#This Row],[Descrição]],Tabela4[[Descrição]:[Tipo Receita/ Gasto]],2,FALSE)) | G74: =IF(Tabela3[[#This Row],[Valor]]="","",G73+F74) | K74: Período
A75: =YEAR(Tabela3[[#This Row],[Data]]) -> 1900 | E75: =IF(Tabela3[[#This Row],[Descrição]]="","",VLOOKUP(Tabela3[[#This Row],[Descrição]],Tabela4[[Descrição]:[Tipo Receita/ Gasto]],2,FALSE)) | G75: =IF(Tabela3[[#This Row],[Valor]]="","",G74+F75) | K75: Anual
A76: =YEAR(Tabela3[[#This Row],[Data]]) -> 1900 | E76: =IF(Tabela3[[#This Row],[Descrição]]="","",VLOOKUP(Tabela3[[#This Row],[Descrição]],Tabela4[[Descrição]:[Tipo Receita/ Gasto]],2,FALSE)) | G76: =IF(Tabela3[[#This Row],[Valor]]="","",G75+F76) | K76: 1.º Semestre
A77: =YEAR(Tabela3[[#This Row],[Data]]) -> 1900 | E77: =IF(Tabela3[[#This Row],[Descrição]]="","",VLOOKUP(Tabela3[[#This Row],[Descrição]],Tabela4[[Descrição]:[Tipo Receita/ Gasto]],2,FALSE)) | G77: =IF(Tabela3[[#This Row],[Valor]]="","",G76+F77) | K77: 1.º Trimestre
A78: =YEAR(Tabela3[[#This Row],[Data]]) -> 1900 | E78: =IF(Tabela3[[#This Row],[Descrição]]="","",VLOOKUP(Tabela3[[#This Row],[Descrição]],Tabela4[[Descrição]:[Tipo Receita/ Gasto]],2,FALSE)) | G78: =IF(Tabela3[[#This Row],[Valor]]="","",G77+F78) | K78: Janeiro
A79: =YEAR(Tabela3[[#This Row],[Data]]) -> 1900 | E79: =IF(Tabela3[[#This Row],[Descrição]]="","",VLOOKUP(Tabela3[[#This Row],[Descrição]],Tabela4[[Descrição]:[Tipo Receita/ Gasto]],2,FALSE)) | G79: =IF(Tabela3[[#This Row],[Valor]]="","",G78+F79) | K79: Jan/Fev
A80: =YEAR(Tabela3[[#This Row],[Data]]) -> 1900 | E80: =IF(Tabela3[[#This Row],[Descrição]]="","",VLOOKUP(Tabela3[[#This Row],[Descrição]],Tabela4[[Descrição]:[Tipo Receita/ Gasto]],2,FALSE)) | G80: =IF(Tabela3[[#This Row],[Valor]]="","",G79+F80) | K80: Fevereiro
A81: =YEAR(Tabela3[[#This Row],[Data]]) -> 1900 | E81: =IF(Tabela3[[#This Row],[Descrição]]="","",VLOOKUP(Tabela3[[#This Row],[Descrição]],Tabela4[[Descrição]:[Tipo Receita/ Gasto]],2,FALSE)) | G81: =IF(Tabela3[[#This Row],[Valor]]="","",G80+F81) | K81: Fev/Mar
A82: =YEAR(Tabela3[[#This Row],[Data]]) -> 1900 | E82: =IF(Tabela3[[#This Row],[Descrição]]="","",VLOOKUP(Tabela3[[#This Row],[Descrição]],Tabela4[[Descrição]:[Tipo Receita/ Gasto]],2,FALSE)) | G82: =IF(Tabela3[[#This Row],[Valor]]="","",G81+F82) | K82: Março
A83: =YEAR(Tabela3[[#This Row],[Data]]) -> 1900 | E83: =IF(Tabela3[[#This Row],[Descrição]]="","",VLOOKUP(Tabela3[[#This Row],[Descrição]],Tabela4[[Descrição]:[Tipo Receita/ Gasto]],2,FALSE)) | G83: =IF(Tabela3[[#This Row],[Valor]]="","",G82+F83) | K83: 2.º Trimestre
A84: =YEAR(Tabela3[[#This Row],[Data]]) -> 1900 | E84: =IF(Tabela3[[#This Row],[Descrição]]="","",VLOOKUP(Tabela3[[#This Row],[Descrição]],Tabela4[[Descrição]:[Tipo Receita/ Gasto]],2,FALSE)) | G84: =IF(Tabela3[[#This Row],[Valor]]="","",G83+F84) | K84: Mar/Abr
... A105: =YEAR(Tabela3[[#This Row],[Data]]) -> 1900 | E105: =IF(Tabela3[[#This Row],[Descrição]]="","",VLOOKUP(Tabela3[[#This Row],[Descrição]],Tabela4[[Descrição]:[Tipo Receita/ Gasto]],2,FALSE)) | G105: =IF(Tabela3[[#This Row],[Valor]]="","",G104+F105) | K105: Dez/Jan
A106: =YEAR(Tabela3[[#This Row],[Data]]) -> 1900 | E106: =IF(Tabela3[[#This Row],[Descrição]]="","",VLOOKUP(Tabela3[[#This Row],[Descrição]],Tabela4[[Descrição]:[Tipo Receita/ Gasto]],2,FALSE)) | G106: =IF(Tabela3[[#This Row],[Valor]]="","",G105+F106)
A107: =YEAR(Tabela3[[#This Row],[Data]]) -> 1900 | E107: =IF(Tabela3[[#This Row],[Descrição]]="","",VLOOKUP(Tabela3[[#This Row],[Descrição]],Tabela4[[Descrição]:[Tipo Receita/ Gasto]],2,FALSE)) | G107: =IF(Tabela3[[#This Row],[Valor]]="","",G106+F107)
A108: =YEAR(Tabela3[[#This Row],[Data]]) -> 1900 | E108: =IF(Tabela3[[#This Row],[Descrição]]="","",VLOOKUP(Tabela3[[#This Row],[Descrição]],Tabela4[[Descrição]:[Tipo Receita/ Gasto]],2,FALSE)) | G108: =IF(Tabela3[[#This Row],[Valor]]="","",G107+F108)
A109: =YEAR(Tabela3[[#This Row],[Data]]) -> 1900 | E109: =IF(Tabela3[[#This Row],[Descrição]]="","",VLOOKUP(Tabela3[[#This Row],[Descrição]],Tabela4[[Descrição]:[Tipo Receita/ Gasto]],2,FALSE)) | G109: =IF(Tabela3[[#This Row],[Valor]]="","",G108+F109)
A110: =YEAR(Tabela3[[#This Row],[Data]]) -> 1900 | E110: =IF(Tabela3[[#This Row],[Descrição]]="","",VLOOKUP(Tabela3[[#This Row],[Descrição]],Tabela4[[Descrição]:[Tipo Receita/ Gasto]],2,FALSE)) | G110: =IF(Tabela3[[#This Row],[Valor]]="","",G109+F110)
A111: =YEAR(Tabela3[[#This Row],[Data]]) -> 1900 | E111: =IF(Tabela3[[#This Row],[Descrição]]="","",VLOOKUP(Tabela3[[#This Row],[Descrição]],Tabela4[[Descrição]:[Tipo Receita/ Gasto]],2,FALSE)) | G111: =IF(Tabela3[[#This Row],[Valor]]="","",G110+F111)
A112: =YEAR(Tabela3[[#This Row],[Data]]) -> 1900 | E112: =IF(Tabela3[[#This Row],[Descrição]]="","",VLOOKUP(Tabela3[[#This Row],[Descrição]],Tabela4[[Descrição]:[Tipo Receita/ Gasto]],2,FALSE)) | G112: =IF(Tabela3[[#This Row],[Valor]]="","",G111+F112)
A113: =YEAR(Tabela3[[#This Row],[Data]]) -> 1900 | E113: =IF(Tabela3[[#This Row],[Descrição]]="","",VLOOKUP(Tabela3[[#This Row],[Descrição]],Tabela4[[Descrição]:[Tipo Receita/ Gasto]],2,FALSE)) | G113: =IF(Tabela3[[#This Row],[Valor]]="","",G112+F113)
A114: =YEAR(Tabela3[[#This Row],[Data]]) -> 1900 | E114: =IF(Tabela3[[#This Row],[Descrição]]="","",VLOOKUP(Tabela3[[#This Row],[Descrição]],Tabela4[[Descrição]:[Tipo Receita/ Gasto]],2,FALSE)) | G114: =IF(Tabela3[[#This Row],[Valor]]="","",G113+F114)
A115: =YEAR(Tabela3[[#This Row],[Data]]) -> 1900 | E115: =IF(Tabela3[[#This Row],[Descrição]]="","",VLOOKUP(Tabela3[[#This Row],[Descrição]],Tabela4[[Descrição]:[Tipo Receita/ Gasto]],2,FALSE)) | G115: =IF(Tabela3[[#This Row],[Valor]]="","",G114+F115)
A116: =YEAR(Tabela3[[#This Row],[Data]]) -> 1900 | E116: =IF(Tabela3[[#This Row],[Descrição]]="","",VLOOKUP(Tabela3[[#This Row],[Descrição]],Tabela4[[Descrição]:[Tipo Receita/ Gasto]],2,FALSE)) | G116: =IF(Tabela3[[#This Row],[Valor]]="","",G115+F116)
A117: =YEAR(Tabela3[[#This Row],[Data]]) -> 1900 | E117: =IF(Tabela3[[#This Row],[Descrição]]="","",VLOOKUP(Tabela3[[#This Row],[Descrição]],Tabela4[[Descrição]:[Tipo Receita/ Gasto]],2,FALSE)) | G117: =IF(Tabela3[[#This Row],[Valor]]="","",G116+F117)
... A1000: =YEAR(Tabela3[[#This Row],[Data]]) -> 1900 | E1000: =IF(Tabela3[[#This Row],[Descrição]]="","",VLOOKUP(Tabela3[[#This Row],[Descrição]],Tabela4[[Descrição]:[Tipo Receita/ Gasto]],2,FALSE)) | G1000: =IF(Tabela3[[#This Row],[Valor]]="","",G999+F1000)
